Workbook

Sheet Model
A1: CMG Model
S2: =R2+1 -> 1
C3: Q1 '21 | D3: Q2 '21 | E3: Q3 '21 | F3: Q4 '21 | G3: Q1 '22 | H3: Q2 '22 | I3: Q3 '22 | J3: Q4 '22 | K3: Q1 '23 | L3: Q2 '23 | M3: Q3 '23 | N3: Q4 '23 | O3: Q1 '24 | P3: Q2 '24 | Q3: Q3 '24 | R3: Q4 '24 | S3: Q1 '25 | T3: Q2 '25 | U3: Q3 '25 | V3: Q4 '25 | W3: Q1 '26 | X3: Q2 '26 | Y3: Q3 '26 | Z3: Q4 '26 | AA3: Q1 '27 | AB3: Q2 '27 | AC3: Q3 '27 | AD3: Q4 '27 | AE3: Q1 '28 | AF3: Q2 '28 | AG3: Q3 '28 | AH3: Q4 '28 | AI3: Q1 '29 | AJ3: Q2 '29 | AK3: Q3 '29 | AL3: Q4 '29 | AN3: 2021 | AO3: =AN3+1 -> 2022 | AP3: =AO3+1 -> 2023 | AQ3: =AP3+1 -> 2024 | AR3: =AQ3+1 -> 2025 | AS3: =AR3+1 -> 2026 | AT3: =AS3+1 -> 2027 | AU3: =AT3+1 -> 2028 | AV3: =AU3+1 -> 2029 | AX3: CAGR
C4: Actual | D4: Actual | E4: Actual | F4: Actual | G4: Actual | H4: Actual | I4: Actual | J4: Actual | K4: Actual | L4: Actual | M4: Actual | N4: Actual | O4: Actual | P4: Actual | Q4: Actual | R4: Actual | S4: Est | T4: Est | U4: Est | V4: Est | AN4: Actual | AO4: Actual | AP4: Actual | AQ4: Actual | AR4: Est | AS4: Est | AT4: Est | AU4: Est | AV4: Est | AX4: '24E - '29E
B6: Revenue Build
B8: New restaurant mid-year convention | AR8: 0.5 | AS8: =AR8 -> 0.5 | AT8: =AS8 -> 0.5 | AU8: =AT8 -> 0.5 | AV8: =AU8 -> 0.5
B10: Company-owned restaurants opened | C10: 40 | D10: 56 | E10: 41 | F10: 78 | G10: 51 | H10: 42 | I10: 43 | J10: 100 | K10: 41 | L10: 47 | M10: 62 | N10: 121 | O10: 47 | P10: 52 | Q10: 86 | R10: 119 | S10: ='Restaurant Forecast'!C18 -> 60 | T10: ='Restaurant Forecast'!D18 -> 76 | U10: ='Restaurant Forecast'!E18 -> 80 | V10: ='Restaurant Forecast'!F18 -> 130 | W10: ='Restaurant Forecast'!C19 -> 66 | X10: ='Restaurant Forecast'!D19 -> 84 | Y10: ='Restaurant Forecast'!E19 -> 88 | Z10: ='Restaurant Forecast'!F19 -> 143 | AA10: ='Restaurant Forecast'!C20 -> 64 | AB10: ='Restaurant Forecast'!D20 -> 82 | AC10: ='Restaurant Forecast'!E20 -> 86 | AD10: ='Restaurant Forecast'!F20 -> 140 | AE10: ='Restaurant Forecast'!C21 -> 60 | AF10: ='Restaurant Forecast'!D21 -> 78 | AG10: ='Restaurant Forecast'!E21 -> 81 | AH10: ='Restaurant Forecast'!F21 -> 132 | AI10: ='Restaurant Forecast'!C22 -> 73 | AJ10: ='Restaurant Forecast'!D22 -> 94 | AK10: ='Restaurant Forecast'!E22 -> 98 | AL10: ='Restaurant Forecast'!F22 -> 159 | AN10: =SUM(C10:F10) -> 215 | AO10: =SUM(G10:J10) -> 236 | AP10: =SUM(K10:N10) -> 271 | AQ10: =SUM(O10:R10) -> 304 | AR10: ='Restaurant Forecast'!G18 -> 350 | AS10: ='Restaurant Forecast'!G19 -> 386 | AT10: ='Restaurant Forecast'!G20 -> 377 | AU10: ='Restaurant Forecast'!G21 -> 355 | AV10: ='Restaurant Forecast'!G22 -> 430
B11: Chipotle permanent closures | C11: -5 | D11: -5 | E11: 0 | F11: 0 | G11: -1 | H11: -1 | I11: -1 | J11: 0 | K11: 0 | L11: 0 | M11: -1 | N11: -2 | O11: -3 | P11: -1 | Q11: -1 | R11: -2 | S11: =AVERAGE(C11:R11) -> -1.4375 | T11: =S11 -> -1.4375 | U11: =T11 -> -1.4375 | V11: =U11 -> -1.4375 | W11: =V11 -> -1.4375 | X11: =W11 -> -1.4375 | Y11: =X11 -> -1.4375 | Z11: =Y11 -> -1.4375 | AA11: =Z11 -> -1.4375 | ... AL11: =AK11 -> -1.4375 | AN11: =SUM(C11:F11) -> -10 | AO11: =SUM(G11:J11) -> -3 | AP11: =SUM(K11:N11) -> -3 | AQ11: =SUM(O11:R11) -> -7 | AR11: -5.75 | AS11: -5.75 | AT11: -5.75 | AU11: -5.75 | AV11: -5.75
B12: Chipotle relocations | C12: 0 | D12: -1 | E12: -2 | F12: -4 | G12: -2 | H12: -3 | I12: -4 | J12: -3 | K12: -4 | L12: -3 | M12: -2 | N12: -3 | O12: -2 | P12: 0 | Q12: 0 | R12: -6 | S12: =AVERAGE(C12:R12) -> -2.4375 | T12: =S12 -> -2.4375 | U12: =T12 -> -2.4375 | V12: =U12 -> -2.4375 | W12: =V12 -> -2.4375 | X12: =W12 -> -2.4375 | Y12: =X12 -> -2.4375 | Z12: =Y12 -> -2.4375 | AA12: =Z12 -> -2.4375 | ... AL12: =AK12 -> -2.4375 | AN12: =SUM(C12:F12) -> -7 | AO12: =SUM(G12:J12) -> -12 | AP12: =SUM(K12:N12) -> -12 | AQ12: =SUM(O12:R12) -> -8 | AR12: =AVERAGE(AN12:AQ12) -> -9.75 | AS12: =AR12 -> -9.75 | AT12: =AS12 -> -9.75 | AU12: =AT12 -> -9.75 | AV12: =AU12 -> -9.75
B13: Company-owned restaurants at end of period | C13: 2803 | D13: 2853 | E13: 2892 | F13: 2966 | G13: 3014 | H13: 3052 | I13: 3090 | J13: 3187 | K13: 3224 | L13: 3268 | M13: 3321 | N13: 3437 | O13: 3479 | P13: 3530 | Q13: 3615 | R13: 3726 | S13: =R13+SUM(S10:S12) -> 3782.125 | T13: =S13+SUM(T10:T12) -> 3854.25 | U13: =T13+SUM(U10:U12) -> 3930.375 | V13: =U13+SUM(V10:V12) -> 4056.5 | W13: =V13+SUM(W10:W12) -> 4118.625 | X13: =W13+SUM(X10:X12) -> 4198.75 | Y13: =X13+SUM(Y10:Y12) -> 4282.875 | Z13: =Y13+SUM(Z10:Z12) -> 4422 | ... AL13: =AK13+SUM(AL10:AL12) -> 5522.5 | AN13: =F13 -> 2966 | AO13: =J13 -> 3187 | AP13: =N13 -> 3437 | AQ13: =R13 -> 3726 | AR13: =AQ13+SUM(AR10:AR12) -> 4060.5 | AS13: =AR13+SUM(AS10:AS12) -> 4431 | AT13: =AS13+SUM(AT10:AT12) -> 4792.5 | AU13: =AT13+SUM(AU10:AU12) -> 5132 | AV13: =AU13+SUM(AV10:AV12) -> 5546.5 | AX13: =RATE(5,,-AQ13,AV13) -> 0.082817419 | AZ13: =RATE(3,,-AN13,AQ13) -> 0.079006103
B14: Average restaurant sales | C14: 2313 | D14: 2466 | E14: 2554 | F14: 2641 | G14: 2684 | H14: 2747 | I14: 2796 | J14: 2824 | K14: 2892 | L14: 2941 | M14: 2972 | N14: 3018 | O14: 3082 | P14: 3146 | Q14: 3184 | R14: 3213
B15: Comparable restaurant sales increase | C15: 0.172 | D15: 0.312 | E15: 0.151 | F15: 0.152 | G15: 0.09 | H15: 0.101 | I15: 0.076 | J15: 0.056 | K15: 0.109 | L15: 0.074 | M15: 0.05 | N15: 0.084 | O15: 0.07 | P15: 0.111 | Q15: 0.06 | R15: 0.054 | S15: =SUM(S22:S23) -> #REF! | T15: =SUM(T22:T23) -> #REF! | U15: =SUM(U22:U23) -> #REF! | V15: =SUM(V22:V23) -> #REF! | W15: =SUM(W22:W23) -> #REF! | X15: =SUM(X22:X23) -> #REF! | Y15: =SUM(Y22:Y23) -> #REF! | Z15: =SUM(Z22:Z23) -> #REF! | ... AL15: =SUM(AL22:AL23) -> #REF! | AP15: =SUM(AP22:AP23) -> 0.079 | AQ15: =SUM(AQ22:AQ23) -> 0.074 | AR15: =SUM(AR22:AR23) -> 0.048 | AS15: =SUM(AS22:AS23) -> 0.049 | AT15: =SUM(AT22:AT23) -> 0.05 | AU15: =SUM(AU22:AU23) -> 0.051 | AV15: =SUM(AV22:AV23) -> 0.052
B17: Revenue / Restaurant | C17: =C38/C13 -> 621.32537 | D17: =D38/D13 -> 663.35016 | E17: =E38/E13 -> 675.07434 | F17: =F38/F13 -> 661.03608 | G17: =G38/G13 -> 670.38454 | H17: =H38/H13 -> 725.20937 | I17: =I38/I13 -> 718.50324 | J17: =J38/J13 -> 684.21682 | ... R17: =R38/R13 -> 763.63661 | AA17: =(#REF!+1)^3*X17 -> #REF! | AB17: =(#REF!+1)^3*Y17 -> #REF! | AC17: =(#REF!+1)^3*Z17 -> #REF! | AD17: =(#REF!+1)^3*AA17 -> #REF! | AE17: =(#REF!+1)^3*AB17 -> #REF! | AF17: =(#REF!+1)^3*AC17 -> #REF! | AG17: =(#REF!+1)^3*AD17 -> #REF! | AH17: =(#REF!+1)^3*AE17 -> #REF! | ... AL17: =(#REF!+1)^3*AI17 -> #REF! | AN17: =AN38/AN13 -> 2544.5249 | AO17: =AO38/AO13 -> 2709.3354 | AP17: =AP38/AP13 -> 2872.1702 | AQ17: =AQ38/AQ13 -> 3036.4603 | AR17: =AR38/AR13 -> 3051.1367 | AS17: =AS38/AS13 -> 3066.8308 | AT17: =AT38/AT13 -> 3098.723 | AU17: =AU38/AU13 -> 3149.0348 | AV17: =AV38/AV13 -> 3188.9994
B18: Existing Restaurant Revenue | S18: =(R13+S10)*O17*(1+S15)/4 -> #REF! | T18: =(S13+T10)*P17*(1+T15)/4 -> #REF! | U18: =(T13+U10)*Q17*(1+U15)/4 -> #REF! | V18: =(U13+V10)*R17*(1+V15)/4 -> #REF! | AR18: =AQ17*AQ13*(1+AR15) -> 11856916 | AS18: =AR17*AR13*(1+AS15) -> 12996208 | AT18: =AS17*AS13*(1+AT15) -> 14268584 | AU18: =AT17*AT13*(1+AU15) -> 15608012 | AV18: =AU17*AU13*(1+AV15) -> 17001211
B19: Plus: New Restaurant Growth | AR19: =(AR13-AQ13)*AR8*AQ17*(1+AR15) -> 532224.68 | AS19: =(AS13-AR13)*AS8*AR17*(1+AS15) -> 592919 | AT19: =(AT13-AS13)*AT8*AS17*(1+AT15) -> 582046.16 | AU19: =(AU13-AT13)*AU8*AT17*(1+AU15) -> 552834.65 | AV19: =(AV13-AU13)*AV8*AU17*(1+AV15) -> 686574.62
B20: Total Revenue - EOP | AQ20: =AQ38 -> 11313851 | AR20: =SUM(AR18:AR19) -> 12389141 | AS20: =SUM(AS18:AS19) -> 13589127 | AT20: =SUM(AT18:AT19) -> 14850630 | AU20: =SUM(AU18:AU19) -> 16160847 | AV20: =SUM(AV18:AV19) -> 17687785
B22: Transactions | K22: 0.041 | L22: 0.044 | M22: 0.041 | N22: 0.074 | O22: 0.054 | P22: 0.087 | Q22: 0.033 | R22: 0.04 | S22: =AVERAGE(K22,O22) -> 0.0475 | T22: =AVERAGE(L22,P22) -> 0.0655 | U22: =AVERAGE(M22,Q22) -> 0.037 | V22: =AVERAGE(N22,R22) -> 0.057 | W22: =AVERAGE(O22,S22) -> 0.05075 | X22: =AVERAGE(P22,T22) -> 0.07625 | Y22: =AVERAGE(Q22,U22) -> 0.035 | Z22: =AVERAGE(R22,V22) -> 0.0485 | ... AL22: =AVERAGE(AD22,AH22) -> 0.0516875 | AP22: 0.05 | AQ22: 0.053 | AR22: 0.035 | AS22: =AR22 -> 0.035 | AT22: =AS22 -> 0.035 | AU22: =AT22 -> 0.035 | AV22: =AU22 -> 0.035
B23: Average check | K23: 0.068 | L23: 0.03 | M23: 0.009 | N23: 0.01 | O23: 0.016 | P23: 0.024 | Q23: 0.027 | R23: 0.014 | S23: =SUM(S24:S25) -> #REF! | T23: =SUM(T24:T25) -> #REF! | U23: =SUM(U24:U25) -> #REF! | V23: =SUM(V24:V25) -> #REF! | W23: =S23 -> #REF! | X23: =T23 -> #REF! | Y23: =U23 -> #REF! | Z23: =V23 -> #REF! | AA23: =W23 -> #REF! | AB23: =X23 -> #REF! | AC23: =Y23 -> #REF! | AD23: =Z23 -> #REF! | ... AL23: =AH23 -> #REF! | AP23: 0.029 | AQ23: 0.021 | AR23: =SUM(AR24:AR25) -> 0.013 | AS23: =SUM(AS24:AS25) -> 0.014 | AT23: =SUM(AT24:AT25) -> 0.015 | AU23: =SUM(AU24:AU25) -> 0.016 | AV23: =SUM(AV24:AV25) -> 0.017
B24: Menu price increase | K24: 0.101 | L24: 0.056 | M24: 0.028 | N24: 0.005 | O24: 0.027 | P24: 0.033 | Q24: 0.036 | R24: 0.007 | S24: =O24*(1+#REF!) -> #REF! | T24: =P24*(1+#REF!) -> #REF! | U24: =Q24*(1+#REF!) -> #REF! | V24: =R24*(1+#REF!) -> #REF! | W24: =S24*(1+#REF!) -> #REF! | X24: =T24*(1+#REF!) -> #REF! | Y24: =U24*(1+#REF!) -> #REF! | Z24: =V24*(1+#REF!) -> #REF! | ... AL24: =AH24*(1+#REF!) -> #REF! | AP24: 0.052 | AQ24: 0.029 | AR24: 0.02 | AS24: 0.02 | AT24: 0.02 | AU24: 0.02 | AV24: 0.02
B25: Check mix | K25: -0.033 | L25: -0.026 | M25: -0.019 | N25: 0.005 | O25: -0.011 | P25: -0.009 | Q25: -0.009 | R25: 0.007 | S25: =O25*(1+#REF!)/100 -> #REF! | T25: =P25*(1+#REF!)/100 -> #REF! | U25: =Q25*(1+#REF!)/100 -> #REF! | V25: =R25*(1+#REF!)/100 -> #REF! | W25: =S25 -> #REF! | X25: =T25 -> #REF! | Y25: =U25 -> #REF! | Z25: =V25 -> #REF! | AA25: =W25 -> #REF! | AB25: =X25 -> #REF! | AC25: =Y25 -> #REF! | AD25: =Z25 -> #REF! | ... AL25: =AH25 -> #REF! | AP25: -0.023 | AQ25: -0.008 | AR25: =AQ25+0.1% -> -0.007 | AS25: =AR25+0.1% -> -0.006 | AT25: =AS25+0.1% -> -0.005 | AU25: =AT25+0.1% -> -0.004 | AV25: =AU25+0.1% -> -0.003
B28: Digital Sales % of Food and bev revenue | C28: 0.501 | D28: 0.485 | E28: 0.428 | F28: 0.416 | G28: 0.419 | H28: 0.39 | I28: 0.372 | J28: 0.374 | K28: 0.393 | L28: 0.38 | M28: 0.366 | N28: 0.361 | O28: 0.365 | P28: 0.353 | Q28: 0.34 | R28: 0.344
L30: =L38 -> 2514801 | M30: =M38 -> 2471948 | N30: =N38 -> 2516320 | O30: =O38 -> 2701848 | P30: =P38 -> 2973117 | Q30: =Q38 -> 2793576 | R30: =R38 -> 2845310 | S30: =((AVERAGE(L38:O38)/AVERAGE(L13:O13))*(1+#REF!)*AVERAGE(P13:S13))-SUM(P38:R38) -> #REF!
B31: Food and Bev % of total | C31: =C36/C$38 -> 0.98530927 | D31: =D36/D$38 -> 0.9877556 | E31: =E36/E$38 -> 0.9898039 | F31: =F36/F$38 -> 0.98917288 | G31: =G36/G$38 -> 0.9893182 | H31: =H36/H$38 -> 0.99072126 | I31: =I36/I$38 -> 0.99196505 | J31: =J36/J$38 -> 0.99234522 | ... R31: =R36/R$38 -> 0.994615 | S31: =O31 -> 0.99355959 | T31: =P31 -> 0.99387713 | U31: =Q31 -> 0.99443652 | V31: =R31 -> 0.994615 | W31: =S31 -> 0.99355959 | X31: =T31 -> 0.99387713 | Y31: =U31 -> 0.99443652 | Z31: =V31 -> 0.994615 | ... AL31: =AH31 -> 0.994615 | AN31: =AN36/AN$38 -> 0.98808914 | AO31: =AO36/AO$38 -> 0.99112286 | AP31: =AP36/AP$38 -> 0.9931597 | AQ31: =AQ36/AQ$38 -> 0.99412499 | AR31: =AQ31 -> 0.99412499 | AS31: =AR31 -> 0.99412499 | AT31: =AS31 -> 0.99412499 | AU31: =AT31 -> 0.99412499 | AV31: =AU31 -> 0.99412499
B32: Delivery service % of total | C32: =C37/C$38 -> 0.014690725 | D32: =D37/D$38 -> 0.012244404 | E32: =E37/E$38 -> 0.010196101 | F32: =F37/F$38 -> 0.010827116 | G32: =G37/G$38 -> 0.010681803 | H32: =H37/H$38 -> 0.0092787413 | I32: =I37/I$38 -> 0.0080349522 | J32: =J37/J$38 -> 0.0076547774 | ... R32: =R37/R$38 -> 0.005385002 | S32: =O32 -> 0.0064404067 | T32: =P32 -> 0.006122867 | U32: =Q32 -> 0.0055634785 | V32: =R32 -> 0.005385002 | W32: =S32 -> 0.0064404067 | X32: =T32 -> 0.006122867 | Y32: =U32 -> 0.0055634785 | Z32: =V32 -> 0.005385002 | ... AL32: =AH32 -> 0.005385002 | AN32: =AN37/AN$38 -> 0.011910862 | AO32: =AO37/AO$38 -> 0.0088771383 | AP32: =AP37/AP$38 -> 0.0068402959 | AQ32: =AQ37/AQ$38 -> 0.0058750111 | AR32: =AQ32 -> 0.0058750111 | AS32: =AR32 -> 0.0058750111 | AT32: =AS32 -> 0.0058750111 | AU32: =AT32 -> 0.0058750111 | AV32: =AU32 -> 0.0058750111
B34: Income Statement
B36: Food and beverage revenue | C36: 1715990 | D36: 1869365 | E36: 1932409 | F36: 1939405 | G36: 1998956 | H36: 2192802 | I36: 2202336 | J36: 2163907 | K36: 2351009 | L36: 2497509 | M36: 2456039 | N36: 2499567 | O36: 2684447 | P36: 2954913 | Q36: 2778034 | R36: 2829988 | S36: =S$38*S31 -> #REF! | T36: =T$38*T31 -> #REF! | U36: =U$38*U31 -> #REF! | V36: =V$38*V31 -> #REF! | W36: =W$38*W31 -> #REF! | X36: =X$38*X31 -> #REF! | Y36: =Y$38*Y31 -> #REF! | Z36: =Z$38*Z31 -> #REF! | ... AL36: =AL$38*AL31 -> #REF! | AN36: =SUM(C36:F36) -> 7457169 | AO36: =SUM(G36:J36) -> 8558001 | AP36: =SUM(K36:N36) -> 9804124 | AQ36: =SUM(O36:R36) -> 11247382 | AR36: =AR$38*AR31 -> 12316354 | AS36: =AS$38*AS31 -> 13509291 | AT36: =AT$38*AT31 -> 14763382 | AU36: =AU$38*AU31 -> 16065902 | AV36: =AV$38*AV31 -> 17583869 | AX36: =RATE(5,,-AQ36,AV36) -> 0.093484423
B37: Delivery service revenue | C37: 25585 | D37: 23173 | E37: 19906 | F37: 21228 | G37: 21583 | H37: 20537 | I37: 17839 | J37: 16692 | K37: 17571 | L37: 17292 | M37: 15909 | N37: 16753 | O37: 17401 | P37: 18204 | Q37: 15542 | R37: 15322 | S37: =S$38*S32 -> #REF! | T37: =T$38*T32 -> #REF! | U37: =U$38*U32 -> #REF! | V37: =V$38*V32 -> #REF! | W37: =W$38*W32 -> #REF! | X37: =X$38*X32 -> #REF! | Y37: =Y$38*Y32 -> #REF! | Z37: =Z$38*Z32 -> #REF! | ... AL37: =AL$38*AL32 -> #REF! | AN37: =SUM(C37:F37) -> 89892 | AO37: =SUM(G37:J37) -> 76651 | AP37: =SUM(K37:N37) -> 67525 | AQ37: =SUM(O37:R37) -> 66469 | AR37: =AR$38*AR32 -> 72786.338 | AS37: =AS$38*AS32 -> 79836.274 | AT37: =AT$38*AT32 -> 87247.616 | AU37: =AU$38*AU32 -> 94945.154 | AV37: =AV$38*AV32 -> 103915.94 | AX37: =RATE(5,,-AQ37,AV37) -> 0.093484423
B38: Total revenue | C38: 1741575 | D38: 1892538 | E38: 1952315 | F38: 1960633 | G38: 2020539 | H38: 2213339 | I38: 2220175 | J38: 2180599 | K38: 2368580 | L38: 2514801 | M38: 2471948 | N38: 2516320 | O38: 2701848 | P38: 2973117 | Q38: 2793576 | R38: 2845310 | S38: =S18*S13 -> #REF! | T38: =((AVERAGE(M38:P38)/AVERAGE(M13:P13))*(1+#REF!)*AVERAGE(Q13:T13)*4)-SUM(Q38:S38) -> #REF! | U38: =((AVERAGE(N38:Q38)/AVERAGE(N13:Q13))*(1+#REF!)*AVERAGE(R13:U13)*4)-SUM(R38:T38) -> #REF! | V38: =((AVERAGE(O38:R38)/AVERAGE(O13:R13))*(1+#REF!)*AVERAGE(S13:V13)*4)-SUM(S38:U38) -> #REF! | W38: =((AVERAGE(P38:S38)/AVERAGE(P13:S13))*(1+#REF!)*AVERAGE(T13:W13)*4)-SUM(T38:V38) -> #REF! | X38: =((AVERAGE(Q38:T38)/AVERAGE(Q13:T13))*(1+#REF!)*AVERAGE(U13:X13)*4)-SUM(U38:W38) -> #REF! | Y38: =((AVERAGE(R38:U38)/AVERAGE(R13:U13))*(1+#REF!)*AVERAGE(V13:Y13)*4)-SUM(V38:X38) -> #REF! | Z38: =((AVERAGE(S38:V38)/AVERAGE(S13:V13))*(1+#REF!)*AVERAGE(W13:Z13)*4)-SUM(W38:Y38) -> #REF! | AA38: =((AVERAGE(T38:W38)/AVERAGE(T13:W13))*(1+#REF!)*AVERAGE(X13:AA13)*4)-SUM(X38:Z38) -> #REF! | ... AL38: =((AVERAGE(AE38:AH38)/AVERAGE(AE13:AH13))*(1+#REF!)*AVERAGE(AI13:AL13)*4)-SUM(AI38:AK38) -> #REF! | AN38: =SUM(C38:F38) -> 7547061 | AO38: =SUM(G38:J38) -> 8634652 | AP38: =SUM(K38:N38) -> 9871649 | AQ38: =SUM(O38:R38) -> 11313851 | AR38: =AR20 -> 12389141 | AS38: =AS20 -> 13589127 | AT38: =AT20 -> 14850630 | AU38: =AU20 -> 16160847 | AV38: =AV20 -> 17687785 | AX38: =RATE(5,,-AQ38,AV38) -> 0.093484423
B39: % Growth YoY | G39: =G38/C38-1 -> 0.16017915 | H39: =H38/D38-1 -> 0.16950835 | I39: =I38/E38-1 -> 0.13720122 | J39: =J38/F38-1 -> 0.11219132 | K39: =K38/G38-1 -> 0.17225156 | L39: =L38/H38-1 -> 0.13620236 | M39: =M38/I38-1 -> 0.11340232 | N39: =N38/J38-1 -> 0.15395816 | ... AL39: =AL38/AH38-1 -> #REF! | AO39: =AO38/AN38-1 -> 0.14410789 | AP39: =AP38/AO38-1 -> 0.14325962 | AQ39: =AQ38/AP38-1 -> 0.14609535 | AR39: =AR38/AQ38-1 -> 0.095041868 | AS39: =AS38/AR38-1 -> 0.096857961 | AT39: =AT38/AS38-1 -> 0.092831754 | AU39: =AU38/AT38-1 -> 0.088226343 | AV39: =AV38/AU38-1 -> 0.094483827
B40: Restaurant operating costs (exclusive of depreciation and amortization shown separately below):
B41: Food, beverage and packaging | C41: 522671 | D41: 574478 | E41: 591332 | F41: 620150 | G41: 626926 | H41: 673928 | I41: 662540 | J41: 638851 | K41: 692559 | L41: 738664 | M41: 734186 | N41: 747155 | O41: 779076 | P41: 873673 | Q41: 855515 | R41: 866252 | AN41: =SUM(C41:F41) -> 2308631 | AO41: =SUM(G41:J41) -> 2602245 | AP41: =SUM(K41:N41) -> 2912564 | AQ41: =SUM(O41:R41) -> 3374516 | AR41: ='Cost Forecast'!D29 -> 3856891.2 | AS41: ='Cost Forecast'!E29 -> 4347566.6 | AT41: ='Cost Forecast'!F29 -> 4722003 | AU41: ='Cost Forecast'!G29 -> 5053971.5 | AV41: ='Cost Forecast'!H29 -> 5449438.7 | AX41: =RATE(5,,-AQ41,AV41) -> 0.10059632
B42: % of Revenue | C42: =C41/C$38 -> 0.30011398 | D42: =D41/D$38 -> 0.30354899 | E42: =E41/E$38 -> 0.3028876 | F42: =F41/F$38 -> 0.31630091 | G42: =G41/G$38 -> 0.31027661 | H42: =H41/H$38 -> 0.30448476 | I42: =I41/I$38 -> 0.29841792 | J42: =J41/J$38 -> 0.29297042 | ... R42: =R41/R$38 -> 0.30444908 | AN42: =AN41/AN$38 -> 0.30589802 | AO42: =AO41/AO$38 -> 0.30137231 | AP42: =AP41/AP$38 -> 0.29504331 | AQ42: =AQ41/AQ$38 -> 0.29826414 | AR42: =AR41/AR$38 -> 0.31131225 | AS42: =AS41/AS$38 -> 0.31992979 | AT42: =AT41/AT$38 -> 0.31796651 | AU42: =AU41/AU$38 -> 0.31272938 | AV42: =AV41/AV$38 -> 0.3080905
B43: Labor | C43: 433669 | D43: 464506 | E43: 502757 | F43: 516829 | G43: 531940 | H43: 549926 | I43: 557178 | J43: 558914 | K43: 583794 | L43: 611678 | M43: 616282 | N43: 629228 | O43: 659450 | P43: 716627 | Q43: 696847 | R43: 716865 | AN43: =SUM(C43:F43) -> 1917761 | AO43: =SUM(G43:J43) -> 2197958 | AP43: =SUM(K43:N43) -> 2440982 | AQ43: =SUM(O43:R43) -> 2789789 | AR43: =AR44*AR$38 -> 3054935.8 | AS43: =AS44*AS$38 -> 3350830.6 | AT43: =AT44*AT$38 -> 3661894.1 | AU43: =AU44*AU$38 -> 3984969.6 | AV43: =AV44*AV$38 -> 4361484.8 | AX43: =RATE(5,,-AQ43,AV43) -> 0.093484423
B44: % of Revenue | C44: =C43/C$38 -> 0.24900966 | D44: =D43/D$38 -> 0.24544078 | E44: =E43/E$38 -> 0.25751838 | F44: =F43/F$38 -> 0.26360313 | G44: =G43/G$38 -> 0.26326639 | H44: =H43/H$38 -> 0.24845991 | I44: =I43/I$38 -> 0.2509613 | J44: =J43/J$38 -> 0.25631214 | ... R44: =R43/R$38 -> 0.25194619 | AN44: =AN43/AN$38 -> 0.254107 | AO44: =AO43/AO$38 -> 0.25455085 | AP44: =AP43/AP$38 -> 0.24727196 | AQ44: =AQ43/AQ$38 -> 0.24658173 | AR44: =AQ44 -> 0.24658173 | AS44: =AR44 -> 0.24658173 | AT44: =AS44 -> 0.24658173 | AU44: =AT44 -> 0.24658173 | AV44: =AU44 -> 0.24658173
B45: Occupancy | C45: 101769 | D45: 103430 | E45: 104223 | F45: 107184 | G45: 112032 | H45: 113919 | I45: 115826 | J45: 118648 | K45: 121931 | L45: 123897 | M45: 126269 | N45: 131167 | O45: 135699 | P45: 138663 | Q45: 142570 | R45: 146442 | AN45: =SUM(C45:F45) -> 416606 | AO45: =SUM(G45:J45) -> 460425 | AP45: =SUM(K45:N45) -> 503264 | AQ45: =SUM(O45:R45) -> 563374 | AR45: =AR46*AR$38 -> 616918.12 | AS45: =AS46*AS$38 -> 676671.55 | AT45: =AT46*AT$38 -> 739488.15 | AU45: =AU46*AU$38 -> 804730.49 | AV45: =AV46*AV$38 -> 880764.51 | AX45: =RATE(5,,-AQ45,AV45) -> 0.093484423
B46: % of Revenue | C46: =C45/C$38 -> 0.058435037 | D46: =D45/D$38 -> 0.054651479 | E46: =E45/E$38 -> 0.053384316 | F46: =F45/F$38 -> 0.054668059 | G46: =G45/G$38 -> 0.055446591 | H46: =H45/H$38 -> 0.051469296 | I46: =I45/I$38 -> 0.052169761 | J46: =J45/J$38 -> 0.054410738 | ... R46: =R45/R$38 -> 0.051467854 | AN46: =AN45/AN$38 -> 0.055201091 | AO46: =AO45/AO$38 -> 0.053322936 | AP46: =AP45/AP$38 -> 0.050980743 | AQ46: =AQ45/AQ$38 -> 0.04979507 | AR46: =AQ46 -> 0.04979507 | AS46: =AR46 -> 0.04979507 | AT46: =AS46 -> 0.04979507 | AU46: =AT46 -> 0.04979507 | AV46: =AU46 -> 0.04979507
B47: Other operating costs | C47: 294710 | D47: 287242 | E47: 294650 | F47: 320452 | G47: 330695 | H47: 317481 | I47: 322085 | J47: 341644 | K47: 363206 | L47: 349707 | M47: 345368 | N47: 370466 | O47: 385773 | P47: 384754 | Q47: 386463 | R47: 411490 | AN47: =SUM(C47:F47) -> 1197054 | AO47: =SUM(G47:J47) -> 1311905 | AP47: =SUM(K47:N47) -> 1428747 | AQ47: =SUM(O47:R47) -> 1568480 | AR47: =AR48*AR$38 -> 1717551.3 | AS47: =AS48*AS$38 -> 1883909.8 | AT47: =AT48*AT$38 -> 2058796.4 | AU47: =AU48*AU$38 -> 2240436.5 | AV47: =AV48*AV$38 -> 2452121.5 | AX47: =RATE(5,,-AQ47,AV47) -> 0.093484423
B48: % of Revenue | C48: =C47/C$38 -> 0.16922039 | D48: =D47/D$38 -> 0.15177608 | E48: =E47/E$38 -> 0.15092339 | F48: =F47/F$38 -> 0.16344313 | G48: =G47/G$38 -> 0.16366672 | H48: =H47/H$38 -> 0.14343984 | I48: =I47/I$38 -> 0.1450719 | J48: =J47/J$38 -> 0.15667438 | ... R48: =R47/R$38 -> 0.14462045 | AN48: =AN47/AN$38 -> 0.15861194 | AO48: =AO47/AO$38 -> 0.1519349 | AP48: =AP47/AP$38 -> 0.14473235 | AQ48: =AQ47/AQ$38 -> 0.13863361 | AR48: =AQ48 -> 0.13863361 | AS48: =AR48 -> 0.13863361 | AT48: =AS48 -> 0.13863361 | AU48: =AT48 -> 0.13863361 | AV48: =AU48 -> 0.13863361
B49: General and administrative expenses | C49: 155103 | D49: 146044 | E49: 145930 | F49: 159777 | G49: 147402 | H49: 140820 | I49: 140896 | J49: 135073 | K49: 148340 | L49: 156496 | M49: 159501 | N49: 169247 | O49: 204625 | P49: 175028 | Q49: 126614 | R49: 191216 | AN49: =SUM(C49:F49) -> 606854 | AO49: =SUM(G49:J49) -> 564191 | AP49: =SUM(K49:N49) -> 633584 | AQ49: =SUM(O49:R49) -> 697483 | AR49: =AR50*AR$38 -> 763773.09 | AS49: =AS50*AS$38 -> 837750.59 | AT49: =AT50*AT$38 -> 915520.45 | AU49: =AU50*AU$38 -> 996293.47 | AV49: =AV50*AV$38 -> 1090427.1 | AX49: =RATE(5,,-AQ49,AV49) -> 0.093484423
B50: % of Revenue | C50: =C49/C$38 -> 0.089059041 | D50: =D49/D$38 -> 0.077168332 | E50: =E49/E$38 -> 0.074747159 | F50: =F49/F$38 -> 0.081492559 | G50: =G49/G$38 -> 0.072951821 | H50: =H49/H$38 -> 0.063623331 | I50: =I49/I$38 -> 0.063461664 | J50: =J49/J$38 -> 0.061943072 | ... R50: =R49/R$38 -> 0.067203925 | AN50: =AN49/AN$38 -> 0.080409314 | AO50: =AO49/AO$38 -> 0.065340329 | AP50: =AP49/AP$38 -> 0.064182185 | AQ50: =AQ49/AQ$38 -> 0.061648593 | AR50: =AQ50 -> 0.061648593 | AS50: =AR50 -> 0.061648593 | AT50: =AS50 -> 0.061648593 | AU50: =AT50 -> 0.061648593 | AV50: =AU50 -> 0.061648593
B51: Depreciation and amortization | C51: 63122 | D51: 62082 | E51: 63191 | F51: 66262 | G51: 71665 | H51: 69733 | I51: 71416 | J51: 74012 | K51: 76585 | L51: 78771 | M51: 78546 | N51: 85492 | O51: 83243 | P51: 83562 | Q51: 84349 | R51: 83876 | AN51: =SUM(C51:F51) -> 254657 | AO51: =SUM(G51:J51) -> 286826 | AP51: =SUM(K51:N51) -> 319394 | AQ51: =SUM(O51:R51) -> 335030 | AR51: =AR52*AR$38 -> 366871.88 | AS51: =AS52*AS$38 -> 402406.34 | AT51: =AT52*AT$38 -> 439762.43 | AU51: =AU52*AU$38 -> 478561.06 | AV51: =AV52*AV$38 -> 523777.34 | AX51: =RATE(5,,-AQ51,AV51) -> 0.093484423
B52: % of Revenue | C52: =C51/C$38 -> 0.036244204 | D52: =D51/D$38 -> 0.032803569 | E52: =E51/E$38 -> 0.032367215 | F52: =F51/F$38 -> 0.033796228 | G52: =G51/G$38 -> 0.035468259 | H52: =H51/H$38 -> 0.031505793 | I52: =I51/I$38 -> 0.032166834 | J52: =J51/J$38 -> 0.033941133 | ... R52: =R51/R$38 -> 0.029478686 | AN52: =AN51/AN$38 -> 0.033742539 | AO52: =AO51/AO$38 -> 0.033218015 | AP52: =AP51/AP$38 -> 0.032354675 | AQ52: =AQ51/AQ$38 -> 0.029612375 | AR52: =AQ52 -> 0.029612375 | AS52: =AR52 -> 0.029612375 | AT52: =AS52 -> 0.029612375 | AU52: =AT52 -> 0.029612375 | AV52: =AU52 -> 0.029612375
B53: Pre-opening costs | C53: 3421 | D53: 4965 | E53: 5894 | F53: 6984 | G53: 5348 | H53: 5253 | I53: 7618 | J53: 11341 | K53: 6198 | L53: 7538 | M53: 9605 | N53: 13590 | O53: 7211 | P53: 8995 | Q53: 12786 | R53: 12905 | AN53: =SUM(C53:F53) -> 21264 | AO53: =SUM(G53:J53) -> 29560 | AP53: =SUM(K53:N53) -> 36931 | AQ53: =SUM(O53:R53) -> 41897 | AR53: =AR54*AR$38 -> 45878.969 | AS53: =AS54*AS$38 -> 50322.713 | AT53: =AT54*AT$38 -> 54994.258 | AU53: =AU54*AU$38 -> 59846.2 | AV53: =AV54*AV$38 -> 65500.699 | AX53: =RATE(5,,-AQ53,AV53) -> 0.093484423
B54: % of Revenue | C54: =C53/C$38 -> 0.0019643139 | D54: =D53/D$38 -> 0.0026234612 | E54: =E53/E$38 -> 0.00301898 | F54: =F53/F$38 -> 0.0035621149 | G54: =G53/G$38 -> 0.0026468185 | H54: =H53/H$38 -> 0.0023733373 | I54: =I53/I$38 -> 0.003431261 | J54: =J53/J$38 -> 0.0052008645 | ... R54: =R53/R$38 -> 0.0045355339 | AN54: =AN53/AN$38 -> 0.0028175206 | AO54: =AO53/AO$38 -> 0.0034234153 | AP54: =AP53/AP$38 -> 0.0037411176 | AQ54: =AQ53/AQ$38 -> 0.00370316 | AR54: =AQ54 -> 0.00370316 | AS54: =AR54 -> 0.00370316 | AT54: =AS54 -> 0.00370316 | AU54: =AT54 -> 0.00370316 | AV54: =AU54 -> 0.00370316
B55: Impairment, closure costs, and asset disposals | C55: 5668 | D55: 4266 | E55: 4658 | F55: 4699 | G55: 4310 | H55: 4681 | I55: 6363 | J55: 5785 | K55: 8361 | L55: 16240 | M55: 7241 | N55: 6528 | O55: 5479 | P55: 5762 | Q55: 15176 | R55: 532 | AN55: =SUM(C55:F55) -> 19291 | AO55: =SUM(G55:J55) -> 21139 | AP55: =SUM(K55:N55) -> 38370 | AQ55: =SUM(O55:R55) -> 26949 | AR55: =AR56*AR$38 -> 29510.283 | AS55: =AS56*AS$38 -> 32368.589 | AT55: =AT56*AT$38 -> 35373.422 | AU55: =AU56*AU$38 -> 38494.29 | AV55: =AV56*AV$38 -> 42131.378 | AX55: =RATE(5,,-AQ55,AV55) -> 0.093484423
B56: % of Revenue | C56: =C55/C$38 -> 0.0032545254 | D56: =D55/D$38 -> 0.0022541159 | E56: =E55/E$38 -> 0.0023858855 | F56: =F55/F$38 -> 0.002396675 | G56: =G55/G$38 -> 0.0021330942 | H56: =H55/H$38 -> 0.0021149042 | I56: =I55/I$38 -> 0.0028659903 | J56: =J55/J$38 -> 0.0026529408 | ... R56: =R55/R$38 -> 0.00018697435 | AN56: =AN55/AN$38 -> 0.0025560944 | AO56: =AO55/AO$38 -> 0.0024481589 | AP56: =AP55/AP$38 -> 0.0038868886 | AQ56: =AQ55/AQ$38 -> 0.0023819476 | AR56: =AQ56 -> 0.0023819476 | AS56: =AR56 -> 0.0023819476 | AT56: =AS56 -> 0.0023819476 | AU56: =AT56 -> 0.0023819476 | AV56: =AU56 -> 0.0023819476
B57: Total operating expenses | C57: 1580133 | D57: 1647013 | E57: 1712635 | F57: 1802337 | G57: 1830318 | H57: 1875741 | I57: 1883922 | J57: 1884268 | K57: 2000974 | L57: 2082991 | M57: 2076998 | N57: 2152873 | O57: 2260556 | P57: 2387064 | Q57: 2320320 | R57: 2429578 | AN57: =SUM(AN41,AN43,AN45,AN47,AN49,AN51,AN53,AN55) -> 6742118 | AO57: =SUM(AO41,AO43,AO45,AO47,AO49,AO51,AO53,AO55) -> 7474249 | AP57: =SUM(AP41,AP43,AP45,AP47,AP49,AP51,AP53,AP55) -> 8313836 | AQ57: =SUM(AQ41,AQ43,AQ45,AQ47,AQ49,AQ51,AQ53,AQ55) -> 9397518 | AR57: =SUM(AR41,AR43,AR45,AR47,AR49,AR51,AR53,AR55) -> 10452331 | AS57: =SUM(AS41,AS43,AS45,AS47,AS49,AS51,AS53,AS55) -> 11581827 | AT57: =SUM(AT41,AT43,AT45,AT47,AT49,AT51,AT53,AT55) -> 12627832 | AU57: =SUM(AU41,AU43,AU45,AU47,AU49,AU51,AU53,AU55) -> 13657303 | AV57: =SUM(AV41,AV43,AV45,AV47,AV49,AV51,AV53,AV55) -> 14865646 | AX57: =RATE(5,,-AQ57,AV57) -> 0.096059483
B58: Income from operations | C58: 161442 | D58: 245525 | E58: 239680 | F58: 158296 | G58: 190221 | H58: 337598 | I58: 336253 | J58: 296331 | K58: 367606 | L58: 431810 | M58: 394950 | N58: 363447 | O58: 441292 | P58: 586053 | Q58: 473256 | R58: 415732 | AN58: =AN38-AN57 -> 804943 | AO58: =AO38-AO57 -> 1160403 | AP58: =AP38-AP57 -> 1557813 | AQ58: =AQ38-AQ57 -> 1916333 | AR58: =AR38-AR57 -> 1936810 | AS58: =AS38-AS57 -> 2007300.6 | AT58: =AT38-AT57 -> 2222797.7 | AU58: =AU38-AU57 -> 2503543.6 | AV58: =AV38-AV57 -> 2822139.4 | AX58: =RATE(5,,-AQ58,AV58) -> 0.080491852
B59: % Margin | C59: =C58/C$38 -> 0.09269885 | D59: =D58/D$38 -> 0.12973319 | E59: =E58/E$38 -> 0.12276707 | F59: =F58/F$38 -> 0.08073719 | G59: =G58/G$38 -> 0.094143691 | H59: =H58/H$38 -> 0.15252883 | I59: =I58/I$38 -> 0.15145338 | J59: =J58/J$38 -> 0.13589431 | ... R59: =R58/R$38 -> 0.14611132 | AN59: =AN58/AN$38 -> 0.10665649 | AO59: =AO58/AO$38 -> 0.13438909 | AP59: =AP58/AP$38 -> 0.15780677 | AQ59: =AQ58/AQ$38 -> 0.16937937 | AR59: =AR58/AR$38 -> 0.15633126 | AS59: =AS58/AS$38 -> 0.14771372 | AT59: =AT58/AT$38 -> 0.149677 | AU59: =AU58/AU$38 -> 0.15491413 | AV59: =AV58/AV$38 -> 0.15955301
AQ60: =AQ59-AP59 -> 0.011572608
B61: Interest and other income, net | C61: -2168 | D61: 851 | E61: -126 | F61: 9263 | G61: -213 | H61: 10572 | I61: 3712 | J61: 7057 | K61: 8949 | L61: 16446 | M61: 18392 | N61: 18906 | O61: 19364 | P61: 21861 | Q61: 29307 | R61: 23365 | AN61: =SUM(C61:F61) -> 7820 | AO61: =SUM(G61:J61) -> 21128 | AP61: =SUM(K61:N61) -> 62693 | AQ61: =SUM(O61:R61) -> 93897 | AR61: =AR62*AR$38 -> 102821.15 | AS61: =AS62*AS$38 -> 112780.19 | AT61: =AT62*AT$38 -> 123249.78 | AU61: =AU62*AU$38 -> 134123.65 | AV61: =AV62*AV$38 -> 146796.17 | AX61: =RATE(5,,-AQ61,AV61) -> 0.093484423
B62: % of Revenue | C62: =C61/C$38 -> -0.0012448502 | D62: =D61/D$38 -> 0.00044966072 | E62: =E61/E$38 -> -6.4538766e-05 | F62: =F61/F$38 -> 0.0047244946 | G62: =G61/G$38 -> -0.00010541742 | H62: =H61/H$38 -> 0.0047764938 | I62: =I61/I$38 -> 0.0016719403 | J62: =J61/J$38 -> 0.0032362667 | ... R62: =R61/R$38 -> 0.008211759 | AN62: =AN61/AN$38 -> 0.0010361649 | AO62: =AO61/AO$38 -> 0.0024468849 | AP62: =AP61/AP$38 -> 0.0063508133 | AQ62: =AQ61/AQ$38 -> 0.0082992961 | AR62: =AQ62 -> 0.0082992961 | AS62: =AR62 -> 0.0082992961 | AT62: =AS62 -> 0.0082992961 | AU62: =AT62 -> 0.0082992961 | AV62: =AU62 -> 0.0082992961
B63: Income before income taxes | C63: 159274 | D63: 246376 | E63: 239554 | F63: 167559 | G63: 190008 | H63: 348170 | I63: 339965 | J63: 303388 | K63: 376555 | L63: 448256 | M63: 413342 | N63: 382353 | O63: 460656 | P63: 607914 | Q63: 502563 | R63: 439097 | AN63: =AN58-AN61 -> 797123 | AO63: =AO58-AO61 -> 1139275 | AP63: =AP58-AP61 -> 1495120 | AQ63: =AQ58-AQ61 -> 1822436 | AR63: =AR58-AR61 -> 1833988.9 | AS63: =AS58-AS61 -> 1894520.4 | AT63: =AT58-AT61 -> 2099547.9 | AU63: =AU58-AU61 -> 2369419.9 | AV63: =AV58-AV61 -> 2675343.2 | AX63: =RATE(5,,-AQ63,AV63) -> 0.079805273
B64: Provision for income taxes | C64: -32173 | D64: -58402 | E64: -35120 | F64: -34084 | G64: -31714 | H64: -88228 | I64: -82827 | J64: -79661 | K64: 84911 | L64: 106466 | M64: 100125 | N64: 100267 | O64: 101369 | P64: 152243 | Q64: 115175 | R64: 107333 | AN64: =SUM(C64:F64) -> -159779 | AO64: =SUM(G64:J64) -> -282430 | AP64: =SUM(K64:N64) -> 391769 | AQ64: =SUM(O64:R64) -> 476120 | AR64: =AR63*$BA$64 -> 476837.1 | AS64: =AS63*$BA$64 -> 492575.31 | AT64: =AT63*$BA$64 -> 545882.46 | AU64: =AU63*$BA$64 -> 616049.17 | AV64: =AV63*$BA$64 -> 695589.24 | AZ64: Tax Rate | BA64: 0.26
B65: Net income | C65: 127101 | D65: 187974 | E65: 204434 | F65: 133475 | G65: 158294 | H65: 259942 | I65: 257138 | J65: 223727 | K65: 291644 | L65: 341790 | M65: 313217 | N65: 282086 | O65: 359287 | P65: 455671 | Q65: 387388 | R65: 331764 | AN65: =AN63-AN64 -> 956902 | AO65: =AO63-AO64 -> 1421705 | AP65: =AP63-AP64 -> 1103351 | AQ65: =AQ63-AQ64 -> 1346316 | AR65: =AR63-AR64 -> 1357151.8 | AS65: =AS63-AS64 -> 1401945.1 | AT65: =AT63-AT64 -> 1553665.5 | AU65: =AU63-AU64 -> 1753370.7 | AV65: =AV63-AV64 -> 1979754 | AX65: =RATE(5,,-AQ65,AV65) -> 0.080171821
B66: Earnings per share:
B67: Basic | C67: 4.52 | D67: 6.68 | E67: 7.26 | F67: 4.75 | G67: 5.64 | H67: 9.32 | I67: 9.26 | J67: 8.08 | K67: 10.56 | L67: 0.25 | M67: 0.23 | N67: 0.21 | O67: 13.09 | P67: 0.33 | Q67: 0.28 | R67: 0.24 | AN67: =AN$65/AN70 -> 34.014716 | AO67: =AO$65/AO70 -> 51.046362 | AP67: =AP$65/AP70 -> 1.061582 | AQ67: =AQ$65/AQ70 -> 1.3043675 | AR67: =AR$65/AR70 -> 1.001339 | AS67: =AS$65/AS70 -> 1.0414603 | AT67: =AT$65/AT70 -> 1.1621135 | AU67: =AU$65/AU70 -> 1.3205798 | AV67: =AV$65/AV70 -> 1.5014915
B68: Diluted | C68: 4.45 | D68: 6.6 | E68: 7.18 | F68: 4.69 | G68: 5.59 | H68: 9.25 | I68: 9.2 | J68: 8.02 | K68: 10.5 | L68: 0.25 | M68: 0.23 | N68: 0.2 | O68: 13.01 | P68: 0.33 | Q68: 0.28 | R68: 0.24 | AN68: =AN$65/AN71 -> 33.562849 | AO68: =AO$65/AO71 -> 50.662996 | AP68: =AP$65/AP71 -> 1.0557673 | AQ68: =AQ$65/AQ71 -> 1.2968196 | AR68: =AR$65/AR71 -> 0.99279503 | AS68: =AS$65/AS71 -> 1.0325138 | AT68: =AT$65/AT71 -> 1.1520624 | AU68: =AU$65/AU71 -> 1.3090797 | AV68: =AV$65/AV71 -> 1.4883255
B69: Weighted-average common shares outstanding:
B70: Basic | C70: 28125 | D70: 28134 | E70: 28150 | F70: 28119 | G70: 28043 | H70: 27905 | I70: 27773 | J70: 27684 | K70: 27624 | L70: 1380222 | M70: 1377525 | N70: 1372013 | O70: 27444 | P70: 1372800 | Q70: 1367038 | R70: 1361358 | AN70: =AVERAGE(C70:F70) -> 28132 | AO70: =AVERAGE(G70:J70) -> 27851.25 | AP70: =AVERAGE(K70:N70) -> 1039346 | AQ70: =AVERAGE(O70:R70) -> 1032160 | AR70: =TSM!C8*1000 -> 1355337 | AS70: =AR70+AS73 -> 1346134 | AT70: =AS70+AT73 -> 1336931 | AU70: =AT70+AU73 -> 1327727.9 | AV70: =AU70+AV73 -> 1318524.9
B71: Diluted | C71: 28582 | D71: 28501 | E71: 28475 | F71: 28485 | G71: 28301 | H71: 28092 | I71: 27956 | J71: 27899 | K71: 27788 | L71: 1387372 | M71: 1384062 | N71: 1381059 | O71: 27624 | P71: 1381518 | Q71: 1374605 | R71: 1368923 | AN71: =AVERAGE(C71:F71) -> 28510.75 | AO71: =AVERAGE(G71:J71) -> 28062 | AP71: =AVERAGE(K71:N71) -> 1045070.2 | AQ71: =AVERAGE(O71:R71) -> 1038167.5 | AR71: =TSM!L15*1000 -> 1367001 | AS71: =AR71+AS73 -> 1357797.9 | AT71: =AS71+AT73 -> 1348594.9 | AU71: =AT71+AU73 -> 1339391.9 | AV71: =AU71+AV73 -> 1330188.9
B73: Shares Repurchased | AS73: =AR174/TSM!$C$6 -> -9203.0186 | AT73: =AS174/TSM!$C$6 -> -9203.0186 | AU73: =AT174/TSM!$C$6 -> -9203.0186 | AV73: =AU174/TSM!$C$6 -> -9203.0186
B75: Net income | C75: =C65 -> 127101 | D75: =D65 -> 187974 | E75: =E65 -> 204434 | F75: =F65 -> 133475 | G75: =G65 -> 158294 | H75: =H65 -> 259942 | I75: =I65 -> 257138 | J75: =J65 -> 223727 | ... R75: =R65 -> 331764 | AN75: =AN65 -> 956902 | AO75: =AO65 -> 1421705 | AP75: =AP65 -> 1103351 | AQ75: =AQ65 -> 1346316 | AR75: =AR65 -> 1357151.8 | AS75: =AS65 -> 1401945.1 | AT75: =AT65 -> 1553665.5 | AU75: =AU65 -> 1753370.7 | AV75: =AV65 -> 1979754
B76: Non-GAAP adjustments:
B77: Impairment and exit costs:
B78: Restaurant asset impairment and other restaurant exit costs(1) | C78: 2299 | D78: 115 | E78: 218 | F78: 1090 | G78: 731 | H78: 309 | I78: 698 | J78: 0 | L78: 4765 | N78: 0 | R78: 2634 | AN78: =SUM(C78:F78) -> 3722 | AO78: =SUM(G78:J78) -> 1738 | AP78: =SUM(K78:N78) -> 4765 | AQ78: =SUM(O78:R78) -> 2634
B79: Corporate operating lease asset impairment and other corporate costs(2) | C79: 56 | D79: 51 | E79: 33 | F79: 12 | J79: 0 | L79: 3735 | N79: 0 | R79: -7392 | AN79: =SUM(C79:F79) -> 152 | AO79: =SUM(G79:J79) -> 0 | AP79: =SUM(K79:N79) -> 3735 | AQ79: =SUM(O79:R79) -> -7392
B80: Software asset impairment(3) | N80: 0 | Q80: 6249 | R80: 0 | AN80: =SUM(C80:F80) -> 0 | AO80: =SUM(G80:J80) -> 0 | AP80: =SUM(K80:N80) -> 0 | AQ80: =SUM(O80:R80) -> 6249
B81: Corporate Restructuring: | C81: =332+1344 -> 1676 | D81: 1070 | E81: 1313 | F81: 1237 | G81: 1166 | H81: 856 | I81: 1034 | J81: =881 -> 881 | AN81: =SUM(C81:F81) -> 5296 | AO81: =SUM(G81:J81) -> 3937 | AP81: =SUM(K81:N81) -> 0 | AQ81: =SUM(O81:R81) -> 0
B82: Employee related and other restructuring costs(4) | C82: 153 | D82: 129 | E82: 113 | F82: 54 | H82: 0 | I82: 0 | L82: 3495 | M82: 1334 | N82: 0 | R82: 0 | AN82: =SUM(C82:F82) -> 449 | AO82: =SUM(G82:J82) -> 0 | AP82: =SUM(K82:N82) -> 4829 | AQ82: =SUM(O82:R82) -> 0
B83: Legal proceedings(5) | D83: 2092 | F83: 18025 | G83: -1000 | H83: 6798 | J83: 3718 | N83: -797 | O83: 13275 | P83: 3775 | R83: 4387 | AN83: =SUM(C83:F83) -> 20117 | AO83: =SUM(G83:J83) -> 9516 | AP83: =SUM(K83:N83) -> -797 | AQ83: =SUM(O83:R83) -> 21437
B84: Stock-based compensation forfeiture(6) | C84: 24366 | D84: 23473 | E84: 7619 | F84: 7619 | G84: 2756 | H84: 2770 | I84: 768 | J84: 1117 | N84: 0 | Q84: -27863 | R84: 0 | AN84: =SUM(C84:F84) -> 63077 | AO84: =SUM(G84:J84) -> 7411 | AP84: =SUM(K84:N84) -> 0 | AQ84: =SUM(O84:R84) -> -27863
B85: Stock-based compensation retention grants(7) | E85: 0 | I85: 3538 | N85: 0 | Q85: 5134 | R85: 11945 | AN85: =SUM(C85:F85) -> 0 | AO85: =SUM(G85:J85) -> 3538 | AP85: =SUM(K85:N85) -> 0 | AQ85: =SUM(O85:R85) -> 17079
B86: Accelerated depreciation(8) | N86: 6388 | R86: 0 | AN86: =SUM(C86:F86) -> 0 | AO86: =SUM(G86:J86) -> 0 | AP86: =SUM(K86:N86) -> 6388 | AQ86: =SUM(O86:R86) -> 0
B87: Investment(9) | D87: 850 | E87: 47 | H87: =-10410 -> -10410 | I87: 961 | N87: 0 | P87: 6016 | Q87: -4635 | R87: 0 | AN87: =SUM(C87:F87) -> 897 | AO87: =SUM(G87:J87) -> -9449 | AP87: =SUM(K87:N87) -> 0 | AQ87: =SUM(O87:R87) -> 1381
B88: Total non-GAAP adjustments | C88: =SUM(C78:C87) -> 28550 | D88: =SUM(D78:D87) -> 27780 | E88: =SUM(E78:E87) -> 9343 | F88: =SUM(F78:F87) -> 28037 | G88: =SUM(G78:G87) -> 3653 | H88: =SUM(H78:H87) -> 323 | I88: =SUM(I78:I87) -> 6999 | J88: =SUM(J78:J87) -> 5716 | ... R88: =SUM(R78:R87) -> 11574 | AN88: =SUM(AN78:AN87) -> 93710 | AO88: =SUM(AO78:AO87) -> 16691 | AP88: =SUM(AP78:AP87) -> 18920 | AQ88: =SUM(AQ78:AQ87) -> 13525 | AR88: =SUM(AR78:AR87) -> 0 | AS88: =SUM(AS78:AS87) -> 0 | AT88: =SUM(AT78:AT87) -> 0 | AU88: =SUM(AU78:AU87) -> 0 | AV88: =SUM(AV78:AV87) -> 0
B89: Tax effect of non-GAAP adjustments above(10) | C89: -2518 | D89: -3002 | E89: =1462-15423 -> -13961 | F89: -2434 | G89: -554 | H89: 920 | I89: 1686 | J89: 1951 | L89: -2891 | M89: -221 | N89: -1495 | O89: -3307 | P89: -2471 | Q89: 360 | R89: -3386 | AN89: =SUM(C89:F89) -> -21915 | AO89: =SUM(G89:J89) -> 4003 | AP89: =SUM(K89:N89) -> -4607 | AQ89: =SUM(O89:R89) -> -8804
B90: After tax impact of non-GAAP adjustments | C90: =SUM(C88:C89) -> 26032 | D90: =SUM(D88:D89) -> 24778 | E90: =SUM(E88:E89) -> -4618 | F90: =SUM(F88:F89) -> 25603 | G90: =SUM(G88:G89) -> 3099 | H90: =SUM(H88:H89) -> 1243 | I90: =SUM(I88:I89) -> 8685 | J90: =SUM(J88:J89) -> 7667 | ... R90: =SUM(R88:R89) -> 8188 | AN90: =SUM(AN88:AN89) -> 71795 | AO90: =SUM(AO88:AO89) -> 20694 | AP90: =SUM(AP88:AP89) -> 14313 | AQ90: =SUM(AQ88:AQ89) -> 4721 | AR90: =SUM(AR88:AR89) -> 0 | AS90: =SUM(AS88:AS89) -> 0 | AT90: =SUM(AT88:AT89) -> 0 | AU90: =SUM(AU88:AU89) -> 0 | AV90: =SUM(AV88:AV89) -> 0
B91: Adjusted net income | C91: =C75+C90 -> 153133 | D91: =D75+D90 -> 212752 | E91: =E75+E90 -> 199816 | F91: =F75+F90 -> 159078 | G91: =G75+G90 -> 161393 | H91: =H75+H90 -> 261185 | I91: =I75+I90 -> 265823 | J91: =J75+J90 -> 231394 | ... R91: =R75+R90 -> 339952 | AN91: =AN75+AN90 -> 1028697 | AO91: =AO75+AO90 -> 1442399 | AP91: =AP75+AP90 -> 1117664 | AQ91: =AQ75+AQ90 -> 1351037 | AR91: =AR75+AR90 -> 1357151.8 | AS91: =AS75+AS90 -> 1401945.1 | AT91: =AT75+AT90 -> 1553665.5 | AU91: =AU75+AU90 -> 1753370.7 | AV91: =AV75+AV90 -> 1979754
B92: Diluted weighted-average number of common shares outstanding | C92: =C71 -> 28582 | D92: =D71 -> 28501 | E92: =E71 -> 28475 | F92: =F71 -> 28485 | G92: =G71 -> 28301 | H92: =H71 -> 28092 | I92: =I71 -> 27956 | J92: =J71 -> 27899 | ... R92: =R71 -> 1368923 | AN92: =AN71 -> 28510.75 | AO92: =AO71 -> 28062 | AP92: =AP71 -> 1045070.2 | AQ92: =AQ71 -> 1038167.5 | AR92: =AR71 -> 1367001 | AS92: =AS71 -> 1357797.9 | AT92: =AT71 -> 1348594.9 | AU92: =AU71 -> 1339391.9 | AV92: =AV71 -> 1330188.9
B93: Diluted earnings per share | C93: =C68 -> 4.45 | D93: =D68 -> 6.6 | E93: =E68 -> 7.18 | F93: =F68 -> 4.69 | G93: =G68 -> 5.59 | H93: =H68 -> 9.25 | I93: =I68 -> 9.2 | J93: =J68 -> 8.02 | ... R93: =R68 -> 0.24 | AN93: =AN68 -> 33.562849 | AO93: =AO68 -> 50.662996 | AP93: =AP68 -> 1.0557673 | AQ93: =AQ68 -> 1.2968196 | AR93: =AR68 -> 0.99279503 | AS93: =AS68 -> 1.0325138 | AT93: =AT68 -> 1.1520624 | AU93: =AU68 -> 1.3090797 | AV93: =AV68 -> 1.4883255
B94: Adjusted diluted earnings per share | C94: =C91/C92 -> 5.3576727 | D94: =D91/D92 -> 7.4647205 | E94: =E91/E92 -> 7.0172432 | F94: =F91/F92 -> 5.5846235 | G94: =G91/G92 -> 5.7027314 | H94: =H91/H92 -> 9.2974868 | I94: =I91/I92 -> 9.5086207 | J94: =J91/J92 -> 8.293989 | ... R94: =R91/R92 -> 0.24833537 | AN94: =AN91/AN92 -> 36.081022 | AO94: =AO91/AO92 -> 51.400435 | AP94: =AP91/AP92 -> 1.069463 | AQ94: =AQ91/AQ92 -> 1.3013671 | AR94: =AR91/AR92 -> 0.99279503 | AS94: =AS91/AS92 -> 1.0325138 | AT94: =AT91/AT92 -> 1.1520624 | AU94: =AU91/AU92 -> 1.3090797 | AV94: =AV91/AV92 -> 1.4883255
B97: Balance Sheet
B99: Assets
B100: Current assets:
B101: Cash and cash equivalents | C101: 815374 | D101: 815374 | E101: 815374 | F101: 815374 | G101: 615863 | H101: 520933 | I101: 366623 | J101: 384000 | K101: 560609 | L101: 560609 | M101: 560609 | N101: 560609 | O101: 727394 | P101: 806528 | Q101: 698547 | R101: 748537 | AN101: =F101 -> 815374 | AO101: =J101 -> 384000 | AP101: =N101 -> 560609 | AQ101: =R101 -> 748537 | AR101: =AR182 -> 1568359.8 | AS101: =AS182 -> 2407608.8 | AT101: =AT182 -> 3387675.5 | AU101: =AU182 -> 4556833.1 | AV101: =AV182 -> 5949118.6
B102: Accounts receivable, net | C102: 99599 | D102: 99599 | E102: 99599 | F102: 99599 | G102: 89295 | H102: 83636 | I102: 71276 | J102: 106880 | K102: 115535 | L102: 115535 | M102: 115535 | N102: 115535 | O102: 89836 | P102: 97542 | Q102: 93202 | R102: 143963 | AN102: =F102 -> 99599 | AO102: =J102 -> 106880 | AP102: =N102 -> 115535 | AQ102: =R102 -> 143963 | AR102: =AR192 -> 154982.45 | AS102: =AS192 -> 169993.74 | AT102: =AT192 -> 185774.55 | AU102: =AU192 -> 201612.4 | AV102: =AV192 -> 221266.06
B103: Inventory | C103: 32826 | D103: 32826 | E103: 32826 | F103: 32826 | G103: 29852 | H103: 29456 | I103: 33752 | J103: 35668 | K103: 39309 | L103: 39309 | M103: 39309 | N103: 39309 | O103: 37947 | P103: 35560 | Q103: 49848 | R103: 48942 | AN103: =F103 -> 32826 | AO103: =J103 -> 35668 | AP103: =N103 -> 39309 | AQ103: =R103 -> 48942 | AR103: =AR194 -> 51193.676 | AS103: =AS194 -> 56725.75 | AT103: =AT194 -> 61848.901 | AU103: =AU194 -> 66708.306 | AV103: =AV194 -> 72809.319
B104: Prepaid expenses and other current assets | C104: 78756 | D104: 78756 | E104: 78756 | F104: 78756 | G104: 70403 | H104: 73716 | I104: 76439 | J104: 86412 | K104: 117462 | L104: 117462 | M104: 117462 | N104: 117462 | O104: 98118 | P104: 91852 | Q104: 87896 | R104: 97538 | AN104: =F104 -> 78756 | AO104: =J104 -> 86412 | AP104: =N104 -> 117462 | AQ104: =R104 -> 97538 | AR104: =AR196 -> 126873.91 | AS104: =AS196 -> 139162.66 | AT104: =AT196 -> 152081.37 | AU104: =AU196 -> 165498.96 | AV104: =AV196 -> 181135.93
B105: Income tax receivable | C105: 94064 | D105: 94064 | E105: 94064 | F105: 94064 | G105: 50701 | H105: 97874 | I105: 112064 | J105: 47741 | K105: 52960 | L105: 52960 | M105: 52960 | N105: 52960 | O105: 0 | P105: 71529 | Q105: 82087 | R105: 67229 | AN105: =F105 -> 94064 | AO105: =J105 -> 47741 | AP105: =N105 -> 52960 | AQ105: =R105 -> 67229 | AR105: =AR198 -> 90749.54 | AS105: =AS198 -> 99539.355 | AT105: =AT198 -> 108779.77 | AU105: =AU198 -> 118377.01 | AV105: =AV198 -> 129561.72
B106: Investments | C106: 260945 | D106: 260945 | E106: 260945 | F106: 260945 | G106: 240379 | H106: 240684 | I106: 417278 | J106: 515136 | K106: 734838 | L106: 734838 | M106: 734838 | N106: 734838 | O106: 692474 | P106: 683287 | Q106: 668676 | R106: 674378 | AN106: =F106 -> 260945 | AO106: =J106 -> 515136 | AP106: =N106 -> 734838 | AQ106: =R106 -> 674378 | AR106: =AQ106 -> 674378 | AS106: =AR106 -> 674378 | AT106: =AS106 -> 674378 | AU106: =AT106 -> 674378 | AV106: =AU106 -> 674378
B107: Total current assets | C107: 1381564 | D107: 1381564 | E107: 1381564 | F107: 1381564 | G107: 1096493 | H107: 1046299 | I107: 1077432 | J107: 1175837 | K107: 1620713 | L107: 1620713 | M107: 1620713 | N107: 1620713 | O107: 1645769 | P107: 1786298 | Q107: 1680256 | R107: 1780587 | AN107: =SUM(AN101:AN106) -> 1381564 | AO107: =SUM(AO101:AO106) -> 1175837 | AP107: =SUM(AP101:AP106) -> 1620713 | AQ107: =SUM(AQ101:AQ106) -> 1780587 | AR107: =SUM(AR101:AR106) -> 2666537.4 | AS107: =SUM(AS101:AS106) -> 3547408.3 | AT107: =SUM(AT101:AT106) -> 4570538.1 | AU107: =SUM(AU101:AU106) -> 5783407.8 | AV107: =SUM(AV101:AV106) -> 7228269.6
B109: Leasehold improvements, property and equipment, net | C109: 1769278 | D109: 1769278 | E109: 1769278 | F109: 1769278 | G109: 1779521 | H109: 1813348 | I109: 1871623 | J109: 1951147 | K109: 2170038 | L109: 2170038 | M109: 2170038 | N109: 2170038 | O109: 2202739 | P109: 2265694 | Q109: 2320395 | R109: 2390126 | AN109: =F109 -> 1769278 | AO109: =J109 -> 1951147 | AP109: =N109 -> 2170038 | AQ109: =R109 -> 2390126 | AR109: =AQ109-AR217-AR220 -> 2682706.1 | AS109: =AR109-AS217-AS220 -> 3003625 | AT109: =AS109-AT217-AT220 -> 3354335.3 | AU109: =AT109-AU217-AU220 -> 3735987.4 | AV109: =AU109-AV217-AV220 -> 4153699.6
B110: Long-term investments | C110: 274311 | D110: 274311 | E110: 274311 | F110: 274311 | G110: 333088 | H110: 359911 | I110: 442620 | J110: 388055 | K110: 564488 | L110: 564488 | M110: 564488 | N110: 564488 | O110: 776815 | P110: 972644 | Q110: 892487 | R110: 868025 | AN110: =F110 -> 274311 | AO110: =J110 -> 388055 | AP110: =N110 -> 564488 | AQ110: =R110 -> 868025 | AR110: =AQ110 -> 868025 | AS110: =AR110 -> 868025 | AT110: =AS110 -> 868025 | AU110: =AT110 -> 868025 | AV110: =AU110 -> 868025
B111: Restricted cash | C111: 30856 | D111: 30856 | E111: 30856 | F111: 30856 | G111: 30872 | H111: 30895 | I111: 30974 | J111: 24966 | K111: 25554 | L111: 25554 | M111: 25554 | N111: 25554 | O111: 26138 | P111: 27664 | Q111: 27969 | R111: 29842 | AN111: =F111 -> 30856 | AO111: =J111 -> 24966 | AP111: =N111 -> 25554 | AQ111: =R111 -> 29842 | AR111: 0 | AS111: =AR111 -> 0 | AT111: =AS111 -> 0 | AU111: =AT111 -> 0 | AV111: =AU111 -> 0
B112: Operating lease assets | C112: 3118294 | D112: 3118294 | E112: 3118294 | F112: 3118294 | G112: 3147061 | H112: 3209934 | I112: 3309051 | J112: 3302402 | K112: 3578548 | L112: 3578548 | M112: 3578548 | N112: 3578548 | O112: 3670983 | P112: 3770997 | Q112: 3954689 | R112: 4000127 | AN112: =F112 -> 3118294 | AO112: =J112 -> 3302402 | AP112: =N112 -> 3578548 | AQ112: =R112 -> 4000127 | AR112: =AQ112 -> 4000127 | AS112: =AR112 -> 4000127 | AT112: =AS112 -> 4000127 | AU112: =AT112 -> 4000127 | AV112: =AU112 -> 4000127
B113: Other assets | C113: 56716 | D113: 56716 | E113: 56716 | F113: 56716 | G113: 58283 | H113: 63010 | I113: 63798 | J113: 63158 | K113: 63082 | L113: 63082 | M113: 63082 | N113: 63082 | O113: 66866 | P113: 74599 | Q113: 113935 | R113: 113728 | AN113: =F113 -> 56716 | AO113: =J113 -> 63158 | AP113: =N113 -> 63082 | AQ113: =R113 -> 113728 | AR113: =AQ113 -> 113728 | AS113: =AR113 -> 113728 | AT113: =AS113 -> 113728 | AU113: =AT113 -> 113728 | AV113: =AU113 -> 113728
B114: Goodwill | C114: 21939 | D114: 21939 | E114: 21939 | F114: 21939 | G114: 21939 | H114: 21939 | I114: 21939 | J114: 21939 | K114: 21939 | L114: 21939 | M114: 21939 | N114: 21939 | O114: 21939 | P114: 21939 | Q114: 21939 | R114: 21939 | AN114: =F114 -> 21939 | AO114: =J114 -> 21939 | AP114: =N114 -> 21939 | AQ114: =R114 -> 21939 | AR114: =AQ114 -> 21939 | AS114: =AR114 -> 21939 | AT114: =AS114 -> 21939 | AU114: =AT114 -> 21939 | AV114: =AU114 -> 21939
B115: Total assets | C115: 6652958 | D115: 6652958 | E115: 6652958 | F115: 6652958 | G115: 6467257 | H115: 6545336 | I115: 6817437 | J115: 6927504 | K115: 8044362 | L115: 8044362 | M115: 8044362 | N115: 8044362 | O115: 8411249 | P115: 8919835 | Q115: 9011670 | R115: 9204374 | AN115: =SUM(AN109:AN114)+AN107 -> 6652958 | AO115: =SUM(AO109:AO114)+AO107 -> 6927504 | AP115: =SUM(AP109:AP114)+AP107 -> 8044362 | AQ115: =SUM(AQ109:AQ114)+AQ107 -> 9204374 | AR115: =SUM(AR109:AR114)+AR107 -> 10353062 | AS115: =SUM(AS109:AS114)+AS107 -> 11554852 | AT115: =SUM(AT109:AT114)+AT107 -> 12928692 | AU115: =SUM(AU109:AU114)+AU107 -> 14523214 | AV115: =SUM(AV109:AV114)+AV107 -> 16385788
B116: Liabilities and shareholders' equity
...

Sheet Returns Analysis
B2: ($bn) | C2: 45714 | D2: 46022 | E2: 46387
B3: EBIT (NTM) - Y+1 | D3: =Model!AS58/1000 -> 2007.3006 | E3: =Model!AT58/1000 -> 2222.7977
B5: TEV / NTM EBIT Multiple
B6: High | C6: 47.8 | D6: =C6 -> 47.8 | E6: =D6 -> 47.8
B7: Median | C7: 35.9 | D7: =C7 -> 35.9 | E7: =D7 -> 35.9
B8: Low | C8: 26.9 | D8: =C8 -> 26.9 | E8: =D8 -> 26.9
B10: TEV
B11: High | D11: =D6*D$3 -> 95948.97 | E11: =E6*E$3 -> 106249.73
B12: Median | D12: =D7*D$3 -> 72062.093 | E12: =E7*E$3 -> 79798.438
B13: Low | D13: =D8*D$3 -> 53996.387 | E13: =E8*E$3 -> 59793.258
B15: Less: Net Debt | D15: =-SUM(TSM!L17:L21) -> -3514.245 | E15: =D15 -> -3514.245
B17: Equity Value
B18: High | D18: =D11+D$15 -> 92434.725 | E18: =E11+E$15 -> 102735.49
B19: Median | D19: =D12+D$15 -> 68547.848 | E19: =E12+E$15 -> 76284.193
B20: Low | D20: =D13+D$15 -> 50482.142 | E20: =E13+E$15 -> 56279.013
B22: FDSO | D22: =TSM!L15 -> 1367.001 | E22: =D22 -> 1367.001
B24: Share Price
B25: High | D25: =D18/D$22 -> 67.618625 | E25: =E18/E$22 -> 75.153923
B26: Median | D26: =D19/D$22 -> 50.144696 | E26: =E19/E$22 -> 55.804052
B27: Low | D27: =D20/D$22 -> 36.92912 | E27: =E20/E$22 -> 41.169696
B29: Current Price | D29: =TSM!C6 -> 54.33 | E29: =D29 -> 54.33
B30: Average Median/Low | D30: =AVERAGE(D26:D27) -> 43.536908 | E30: =AVERAGE(E26:E27) -> 48.486874
C32: =C2 -> 45714 | D32: =D2 -> 46022
C33: =-D29 -> -54.33 | D33: =(D29-D30)+D29 -> 65.123092
B35: IRR | C35: =XIRR(C33:D33,C32:D32) -> 0.23953573
B36: MOIC | C36: =D33/-C33 -> 1.1986581
C38: =C32 -> 45714 | E38: =E2 -> 46387
C39: =C33 -> -54.33 | E39: =(D29-E30)+D29 -> 60.173126
B41: IRR | C41: =XIRR(C39:E39,C38:E38) -> 0.056963769
B42: MOIC | C42: =E39/-C39 -> 1.1075488

Sheet vs. CONS
B2: Model | H2: Consensus | N2: Delta
C3: 2024 | D3: 2025 | E3: =D3+1 -> 2026 | F3: =E3+1 -> 2027 | I3: 2024 | J3: 2025 | K3: =J3+1 -> 2026 | L3: =K3+1 -> 2027 | O3: 2024 | P3: 2025 | Q3: =P3+1 -> 2026 | R3: =Q3+1 -> 2027
B5: Sales | C5: =Model!AQ38/1000 -> 11313.851 | D5: =Model!AR38/1000 -> 12389.141 | E5: =Model!AS38/1000 -> 13589.127 | F5: =Model!AT38/1000 -> 14850.63 | H5: Sales | I5: =C5 -> 11313.851 | J5: 12667 | K5: 14354 | L5: 16339 | N5: Sales | O5: =C5-I5 -> 0 | P5: =D5-J5 -> -277.85947 | Q5: =E5-K5 -> -764.87258 | R5: =F5-L5 -> -1488.3701
B6: Growth % | D6: =D5/C5-1 -> 0.095041868 | E6: =E5/D5-1 -> 0.096857961 | F6: =F5/E5-1 -> 0.092831754 | H6: Growth % | J6: =J5/I5-1 -> 0.1196011 | K6: =K5/J5-1 -> 0.13318071 | L6: =L5/K5-1 -> 0.13828898 | N6: Growth % | O6: =C6-I6 -> 0 | P6: =D6-J6 -> -0.02455923 | Q6: =E6-K6 -> -0.036322745 | R6: =F6-L6 -> -0.045457225
B8: EBIT | C8: =Model!AQ58/1000 -> 1916.333 | D8: =Model!AR58/1000 -> 1936.81 | E8: =Model!AS58/1000 -> 2007.3006 | F8: =Model!AT58/1000 -> 2222.7977 | H8: EBIT | I8: =C8 -> 1916.333 | J8: 2255 | K8: 2682 | L8: 3171 | N8: EBIT | O8: =C8-I8 -> 0 | P8: =D8-J8 -> -318.19 | Q8: =E8-K8 -> -674.69937 | R8: =F8-L8 -> -948.2023
B9: Margin % | C9: =C8/C5 -> 0.16937937 | D9: =D8/D5 -> 0.15633126 | E9: =E8/E5 -> 0.14771372 | F9: =F8/F5 -> 0.149677 | H9: Margin % | I9: =I8/I5 -> 0.16937937 | J9: =J8/J5 -> 0.17802163 | K9: =K8/K5 -> 0.18684687 | L9: =L8/L5 -> 0.19407552 | N9: Margin % | O9: =C9-I9 -> 0 | P9: =D9-J9 -> -0.021690367 | Q9: =E9-K9 -> -0.039133147 | R9: =F9-L9 -> -0.044398527

Sheet Cost Forecast
A2: xx | B2: Assumptions
B4: CPI Growth | C4: 0.02
B5: Packaging Specific Inflation | C5: 0.01
B8: Cost Mix (% of FB&P
B9: Food | C9: 0.8
B10: Packaging | C10: 0.15
B11: Beverage | C11: 0.05
B13: Cost Mix (% of Food)
B14: Chicken | C14: 0.25
B15: Beef | C15: 0.2
B16: Avocados | C16: 0.15
B17: Other Food inputs | C17: 0.4
A20: xx | B20: Cost Projection | J20: 2025 Input Growth Model
C23: 2024 | D23: =C23+1 -> 2025 | E23: =D23+1 -> 2026 | F23: =E23+1 -> 2027 | G23: =F23+1 -> 2028 | H23: =G23+1 -> 2029 | J23: Growth YoY | K23: Supply | L23: Demand | M23: Input Costs | N23: Inflation
B25: Memo: Revenue | C25: =Model!AQ38 -> 11313851 | D25: =Model!AR38 -> 12389141 | E25: =Model!AS38 -> 13589127 | F25: =Model!AT38 -> 14850630 | G25: =Model!AU38 -> 16160847 | H25: =Model!AV38 -> 17687785
B27: Restaurants - EOP | C27: =Model!AQ13 -> 3726 | D27: =Model!AR13 -> 4060.5 | E27: =Model!AS13 -> 4431 | F27: =Model!AT13 -> 4792.5 | G27: =Model!AU13 -> 5132 | H27: =Model!AV13 -> 5546.5
B29: Food, beverage and packaging | C29: =Model!AQ41 -> 3374516 | D29: =SUM(D31,D47,D49) -> 3856891.2 | E29: =SUM(E31,E47,E49) -> 4347566.6 | F29: =SUM(F31,F47,F49) -> 4722003 | G29: =SUM(G31,G47,G49) -> 5053971.5 | H29: =SUM(H31,H47,H49) -> 5449438.7
B31: Food | C31: =C29*C$9 -> 2699612.8 | D31: =SUM(D34,D37,D40,D43) -> 3168489.9 | E31: =SUM(E34,E37,E40,E43) -> 3645397.3 | F31: =SUM(F34,F37,F40,F43) -> 4005790.3 | G31: =SUM(G34,G37,G40,G43) -> 4323434.6 | H31: =SUM(H34,H37,H40,H43) -> 4704291
B32: % total revenue
B34: Chicken | C34: =C$31*C14 -> 674903.2 | D34: =D35*D$27 -> 815170.67 | E34: =E35*E$27 -> 964967.17 | F34: =F35*F$27 -> 1060695 | G34: =G35*G$27 -> 1164230.4 | H34: =H35*H$27 -> 1289719.2
B35: $ per restaranut | C35: =C34/C$27 -> 181.13344 | D35: =C35*(1+D36) -> 200.75623 | E35: =D35*(1+E36) -> 217.77639 | F35: =E35*(1+F36) -> 221.32395 | G35: =F35*(1+G36) -> 226.85705 | H35: =G35*(1+H36) -> 232.52847
B36: Growth % YoY | D36: =$L$36-$K$36+R57+$N$36 -> 0.10833333 | E36: =$L$36-$K$36+S57+$N$36 -> 0.08478022 | F36: =$L$36-$K$36+T57+$N$36 -> 0.016289921 | G36: =$L$36-$K$36+U57+$N$36 -> 0.025 | H36: =$L$36-$K$36+V57+$N$36 -> 0.025 | J36: =L36-K36+M36+N36 -> 0.10833333 | K36: 0.012 | L36: 0.017 | M36: =R57 -> 0.083333333 | N36: =$C$4 -> 0.02
B37: Beef | C37: =C$31*C15 -> 539922.56 | D37: =D38*D$27 -> 653313.33 | E37: =E38*E$27 -> 774792.62 | F37: =F38*F$27 -> 853330.55 | G37: =G38*G$27 -> 938452.43 | H37: =H38*H$27 -> 1041633.8 | P37: =L39-K39 -> 0.007
B38: $ per restaranut | C38: =C37/C$27 -> 144.90675 | D38: =C38*(1+D39) -> 160.8948 | E38: =D38*(1+E39) -> 174.85728 | F38: =E38*(1+F39) -> 178.05541 | G38: =F38*(1+G39) -> 182.86291 | H38: =G38*(1+H39) -> 187.8002 | J38: =1.5%+1%-0.5%+2% -> 0.04
B39: Growth % YoY | D39: =$L$39-$K$39+R57+$N$39 -> 0.11033333 | E39: =$L$39-$K$39+S57+$N$39 -> 0.08678022 | F39: =$L$39-$K$39+T57+$N$39 -> 0.018289921 | G39: =$L$39-$K$39+U57+$N$39 -> 0.027 | H39: =$L$39-$K$39+V57+$N$39 -> 0.027 | J39: =L39-K39+M39+N39 -> 0.11033333 | K39: -0.01 | L39: -0.003 | M39: =R57 -> 0.083333333 | N39: =$C$4 -> 0.02
B40: Avocados | C40: =C$31*C16 -> 404941.92 | D40: =D41*D$27 -> 598563.89 | E40: =E41*E$27 -> 782166.68 | F40: =F41*F$27 -> 945824.5 | G40: =G41*G$27 -> 1051892.7 | H40: =H41*H$27 -> 1180701.7
B41: $ per restaranut | C41: =C40/C$27 -> 108.68006 | D41: =C41*(1+D42) -> 147.41137 | E41: =D41*(1+E42) -> 176.52148 | F41: =E41*(1+F42) -> 197.35514 | G41: =F41*(1+G42) -> 204.96741 | H41: =G41*(1+H42) -> 212.87329
B42: Growth % YoY | D42: =$L$42-$K$42+S73+$N$42 -> 0.35637916 | E42: =$L$42-$K$42+T73+$N$42 -> 0.1974753 | F42: =$L$42-$K$42+U73+$N$42 -> 0.11802336 | G42: =$L$42-$K$42+X73+$N$42 -> 0.038571429 | H42: =$L$42-$K$42+Y73+$N$42 -> 0.038571429 | J42: =L42-K42+M42+N42 -> 0.35637916 | K42: =2.86/2.8-1 -> 0.021428571 | L42: 0.04 | M42: =S73 -> 0.31780773 | N42: =$C$4 -> 0.02
B43: Other Food inputs | C43: =C$31*C17 -> 1079845.1 | D43: =C43*(1+D44) -> 1101442 | E43: =D43*(1+E44) -> 1123470.9 | F43: =E43*(1+F44) -> 1145940.3 | G43: =F43*(1+G44) -> 1168859.1 | H43: =G43*(1+H44) -> 1192236.3
B44: Growth % YoY | C44: =C43/C$27 -> 289.81351 | D44: =$C$4 -> 0.02 | E44: =D44 -> 0.02 | F44: =E44 -> 0.02 | G44: =F44 -> 0.02 | H44: =G44 -> 0.02
B47: Packaging | C47: =C29*C$10 -> 506177.4 | D47: =C47*(1+D48) -> 516300.95 | E47: =D47*(1+E48) -> 526626.97 | F47: =E47*(1+F48) -> 537159.51 | G47: =F47*(1+G48) -> 547902.7 | H47: =G47*(1+H48) -> 558860.75
B48: % Growth YoY | D48: =$C$4 -> 0.02 | E48: =D48 -> 0.02 | F48: =E48 -> 0.02 | G48: =F48 -> 0.02 | H48: =G48 -> 0.02 | J48: Digital Mix Shift
B49: Beverage | C49: =C29*C$11 -> 168725.8 | D49: =C49*(1+D50) -> 172100.32 | E49: =D49*(1+E50) -> 175542.32 | F49: =E49*(1+F50) -> 179053.17 | G49: =F49*(1+G50) -> 182634.23 | H49: =G49*(1+H50) -> 186286.92
B50: % Growth YoY | D50: =$C$4 -> 0.02 | E50: =D50 -> 0.02 | F50: =E50 -> 0.02 | G50: =F50 -> 0.02 | H50: =G50 -> 0.02
A52: xx | B52: Operating Income | C52: =Model!AQ58 -> 1916333 | D52: =Model!AR58 -> 1936810 | E52: =Model!AS58 -> 2007300.6 | F52: =Model!AT58 -> 2222797.7 | G52: =Model!AU58 -> 2503543.6 | H52: =Model!AV58 -> 2822139.4 | P52: Input Cost Growth Projection
B53: Chicken + Beef + Avocado | C53: =C34+C37+C40 -> 1619767.7 | P53: Year | Q53: 2024 | R53: =Q53+1 -> 2025 | S53: =R53+1 -> 2026 | T53: =S53+1 -> 2027 | U53: =T53+1 -> 2028 | V53: =U53+1 -> 2029
C54: =C52/Model!AQ38 -> 0.16937937 | D54: =D52/Model!AR38 -> 0.15633126 | E54: =E52/Model!AS38 -> 0.14771372 | F54: =F52/Model!AT38 -> 0.149677 | G54: =G52/Model!AU38 -> 0.15491413 | H54: =H52/Model!AV38 -> 0.15955301
P55: Protein
B56: % of Sales | C56: =C53/C25 -> 0.14316679 | P56: Corn Price $/bu (average USDA/CME) | Q56: 4.2 | R56: =AVERAGE(R59:R60) -> 4.55 | S56: =S60 -> 4.822 | T56: =T60 -> 4.78
P57: % Growth | R57: =R56/Q56-1 -> 0.083333333 | S57: =S56/R56-1 -> 0.05978022 | T57: =T56/S56-1 -> -0.0087100788 | U57: 0 | V57: 0
P59: USDA Projected | Q59: =Q56 -> 4.2 | R59: 4.35
P60: CME Futures | Q60: =Q56 -> 4.2 | R60: =4.75 -> 4.75 | S60: =(486+492+494+470+469)/5/100 -> 4.822 | T60: =(481+488+465)/3/100 -> 4.78
P63: Avocados
Q65: 2024 | R65: 2025 | S65: 2025 - Adj. | T65: 2026 | U65: =T65+1 -> 2027
P66: Sulfur -EXBXG Futures | Q66: =(1550+975+850)/3 -> 1125 | R66: =(1955+1930)/2 -> 1942.5
P67: % Growth | R67: =R66/Q66-1 -> 0.72666667
P68: TTF nat gas (Eur/MWh) | Q68: =(40+35+34+30)/4 -> 34.75 | R68: 45
P69: % Growth | R69: =R68/Q68-1 -> 0.29496403
P70: Potash | Q70: =(300.5+310+287+292)/4 -> 297.375 | R70: 302
P71: % Growth | R71: =R70/Q70-1 -> 0.015552753
P73: Total Growth - weighted | S73: =R80 -> 0.31780773 | T73: =S73/2 -> 0.15890387 | U73: =T73/2 -> 0.079451933
P75: Cost Weighting | Q75: % Weight | R75: Avg.
P77: Sulfur | Q77: 0.15 | R77: =Q77*R67 -> 0.109
P78: TTF nat gas | Q78: 0.7 | R78: =Q78*R69 -> 0.20647482
P79: Potash | Q79: 0.15 | R79: =Q79*R71 -> 0.002332913
P80: Weighted Average Growth | R80: =SUM(R77:R79)/SUM(Q77:Q80) -> 0.31780773

Sheet Restaurant Forecast
L2: Correlation: | M2: =CORREL(O9:O17,H9:H17) -> 0.89076709
B4: Restaurant Openings | J4: Guidance
B5: Year | C5: Q1 | D5: Q2 | E5: Q3 | F5: Q4 | G5: Restaurants opened | H5: Restaurants Opened YoY Growth | J5: Low | K5: High | L5: Avg. | M5: Guide beat / (miss) | N5: Guide YoY Growth in New Units | O5: Guide Growth Rate vs. last beat | S5: y-axis | T5: x-axis
S6: =H9 -> 0.070484581 | T6: =O9 -> 1.8481013
B7: 2014 | C7: 42 | D7: 44 | E7: 43 | F7: =188-SUM(C7:E7) -> 59 | G7: =SUM(C7:F7) -> 188 | J7: 180 | K7: 195 | L7: =AVERAGE(J7:K7) -> 187.5 | M7: =G7/L7-1 -> 0.0026666667 | S7: =H10 -> -0.24691358 | T7: =O10 -> -3.0604396
B8: 2015 | C8: 48 | D8: 47 | E8: 53 | F8: =227-SUM(C8:E8) -> 79 | G8: =SUM(C8:F8) -> 227 | H8: =G8/G7-1 -> 0.20744681 | J8: 190 | K8: 205 | L8: =AVERAGE(J8:K8) -> 197.5 | M8: =G8/L8-1 -> 0.14936709 | N8: =L8/L7-1 -> 0.053333333 | S8: =H11 -> -0.36065574 | T8: =O11 -> -6.787037
B9: 2016 | C9: 58 | D9: 58 | E9: 55 | F9: =243-SUM(C9:E9) -> 72 | G9: =SUM(C9:F9) -> 243 | H9: =G9/G8-1 -> 0.070484581 | J9: 220 | K9: 235 | L9: =AVERAGE(J9:K9) -> 227.5 | M9: =G9/L9-1 -> 0.068131868 | N9: =L9/L8-1 -> 0.15189873 | O9: =N9/$N$8-1 -> 1.8481013 | S9: =H12 -> 0.1965812 | T9: =O12 -> 0.0044642857
B10: 2017 | C10: 57 | D10: 50 | E10: 38 | F10: =183-SUM(C10:E10) -> 38 | G10: =SUM(C10:F10) -> 183 | H10: =G10/G9-1 -> -0.24691358 | J10: 195 | K10: 210 | L10: =AVERAGE(J10:K10) -> 202.5 | M10: =G10/L10-1 -> -0.096296296 | N10: =L10/L9-1 -> -0.10989011 | O10: =N10/$N$8-1 -> -3.0604396 | S10: =H13 -> 0.15 | T10: =O13 -> 0.27118644
B11: 2018 | C11: 15 | D11: 34 | E11: 28 | F11: 40 | G11: =SUM(C11:F11) -> 117 | H11: =G11/G10-1 -> -0.36065574 | J11: 130 | K11: 150 | L11: =AVERAGE(J11:K11) -> 140 | M11: =G11/L11-1 -> -0.16428571 | N11: =L11/L10-1 -> -0.30864198 | O11: =N11/$N$8-1 -> -6.787037 | S11: =H14 -> 0.33540373 | T11: =O14 -> 2.9801587
B12: 2019 | C12: 15 | D12: 20 | E12: 25 | F12: 80 | G12: =SUM(C12:F12) -> 140 | H12: =G12/G11-1 -> 0.1965812 | J12: 140 | K12: 155 | L12: =AVERAGE(J12:K12) -> 147.5 | M12: =G12/L12-1 -> -0.050847458 | N12: =L12/L11-1 -> 0.053571429 | O12: =N12/$N$8-1 -> 0.0044642857 | S12: =H15 -> 0.097674419 | T12: =O15 -> 2.134375
B13: 2020 | C13: 19 | D13: 37 | E13: 44 | F13: 61 | G13: =SUM(C13:F13) -> 161 | H13: =G13/G12-1 -> 0.15 | J13: 150 | K13: 165 | L13: =AVERAGE(J13:K13) -> 157.5 | M13: =G13/L13-1 -> 0.022222222 | N13: =L13/L12-1 -> 0.06779661 | O13: =N13/$N$8-1 -> 0.27118644 | S13: =H16 -> 0.14830508 | T13: =O16 -> 0.67268041
B14: 2021 | C14: =Model!C10 -> 40 | D14: =Model!D10 -> 56 | E14: =Model!E10 -> 41 | F14: =Model!F10 -> 78 | G14: =SUM(C14:F14) -> 215 | H14: =G14/G13-1 -> 0.33540373 | L14: 200 | M14: =G14/L14-1 -> 0.075 | N14: =L14/L13-1 -> 0.26984127 | O14: =N14/$N$13-1 -> 2.9801587 | S14: =H17 -> 0.12177122 | T14: =O17 -> -1
B15: 2022 | C15: =Model!G10 -> 51 | D15: =Model!H10 -> 42 | E15: =Model!I10 -> 43 | F15: =Model!J10 -> 100 | G15: =SUM(C15:F15) -> 236 | H15: =G15/G14-1 -> 0.097674419 | J15: 235 | K15: 250 | L15: =AVERAGE(J15:K15) -> 242.5 | M15: =G15/L15-1 -> -0.026804124 | N15: =L15/L14-1 -> 0.2125 | O15: =N15/$N$13-1 -> 2.134375
B16: 2023 | C16: =Model!K10 -> 41 | D16: =Model!L10 -> 47 | E16: =Model!M10 -> 62 | F16: =Model!N10 -> 121 | G16: =SUM(C16:F16) -> 271 | H16: =G16/G15-1 -> 0.14830508 | J16: 255 | K16: 285 | L16: =AVERAGE(J16:K16) -> 270 | M16: =G16/L16-1 -> 0.0037037037 | N16: =L16/L15-1 -> 0.11340206 | O16: =N16/$N$13-1 -> 0.67268041
B17: 2024 | C17: =Model!O10 -> 47 | D17: =Model!P10 -> 52 | E17: =Model!Q10 -> 86 | F17: =Model!R10 -> 119 | G17: =SUM(C17:F17) -> 304 | H17: =G17/G16-1 -> 0.12177122 | J17: 255 | K17: 285 | L17: =AVERAGE(J17:K17) -> 270 | M17: =G17/L17-1 -> 0.12592593 | N17: =L17/L16-1 -> 0 | O17: =N17/$N$13-1 -> -1
B18: 2025 | C18: =ROUND($G$18*C35,0) -> 60 | D18: =ROUND($G$18*D35,0) -> 76 | E18: =ROUND($G$18*E35,0) -> 80 | F18: =ROUND($G$18*F35,0) -> 130 | G18: =ROUND(L18*(1+M18),0) -> 350 | H18: =G18/G17-1 -> 0.15131579 | J18: 315 | K18: 345 | L18: =AVERAGE(J18:K18) -> 330 | M18: =M17*(1+AVERAGE(O15,O10))*0.9 -> 0.060856342 | N18: =L18/L17-1 -> 0.22222222 | O18: =N18/$N$13-1 -> 2.2777778
B19: =B18+1 -> 2026 | C19: =ROUND($G$19*C$35,0) -> 66 | D19: =ROUND($G$19*D$35,0) -> 84 | E19: =ROUND($G$19*E$35,0) -> 88 | F19: =ROUND($G$19*F$35,0) -> 143 | G19: =ROUND(L19*(1+M19),0) -> 386 | H19: =G19/G18-1 -> 0.10285714 | L19: =L18*(1+AVERAGE(N15,N9)) -> 390.12579 | M19: =M18*(1+AVERAGE(O16,O10)) -> -0.011798802 | N19: =L19/L18-1 -> 0.18219937 | O19: =N19/$N$13-1 -> 1.6874407
B20: =B19+1 -> 2027 | C20: =ROUND($G$20*C$35,0) -> 64 | D20: =ROUND($G$20*D$35,0) -> 82 | E20: =ROUND($G$20*E$35,0) -> 86 | F20: =ROUND($G$20*F$35,0) -> 140 | G20: =ROUND(L20*(1+M20),0) -> 377 | H20: =G20/G19-1 -> -0.023316062 | L20: =L19*(1+AVERAGE(N16,N10)) -> 390.81084 | M20: =M19*-(1+AVERAGE(O11,O17)) -> -0.034140051 | N20: =L20/L19-1 -> 0.001755976 | O20: =N20/$N$13-1 -> -0.97409935
B21: =B20+1 -> 2028 | C21: =ROUND($G$21*C$35,0) -> 60 | D21: =ROUND($G$21*D$35,0) -> 78 | E21: =ROUND($G$21*E$35,0) -> 81 | F21: =ROUND($G$21*F$35,0) -> 132 | G21: =ROUND(L21*(1+M21),0) -> 355 | H21: =G21/G20-1 -> -0.058355438 | L21: =L20*(1+AVERAGE(N17,N11)) -> 330.50053 | M21: =M20*-(1+AVERAGE(O12,O18)) -> 0.073097981 | N21: =L21/L20-1 -> -0.15432099 | O21: =N21/$N$13-1 -> -3.2762346
B22: =B21+1 -> 2029 | C22: =ROUND($G$22*C$35,0) -> 73 | D22: =ROUND($G$22*D$35,0) -> 94 | E22: =ROUND($G$22*E$35,0) -> 98 | F22: =ROUND($G$22*F$35,0) -> 159 | G22: =ROUND(L22*(1+M22),0) -> 430 | H22: =G22/G21-1 -> 0.21126761 | L22: =L21*(1+AVERAGE(N18,N12)) -> 376.0755 | M22: =M21*(1+AVERAGE(O13,O19)) -> 0.14468382 | N22: =L22/L21-1 -> 0.13789683 | O22: =N22/$N$13-1 -> 1.0339782
B24: =B25-1 -> 2014 | C24: =C7/$G7 -> 0.22340426 | D24: =D7/$G7 -> 0.23404255 | E24: =E7/$G7 -> 0.2287234 | F24: =F7/$G7 -> 0.31382979
B25: =B26-1 -> 2015 | C25: =C8/$G8 -> 0.21145374 | D25: =D8/$G8 -> 0.20704846 | E25: =E8/$G8 -> 0.23348018 | F25: =F8/$G8 -> 0.34801762
B26: =B27-1 -> 2016 | C26: =C9/$G9 -> 0.23868313 | D26: =D9/$G9 -> 0.23868313 | E26: =E9/$G9 -> 0.22633745 | F26: =F9/$G9 -> 0.2962963
B27: =B28-1 -> 2017 | C27: =C10/$G10 -> 0.31147541 | D27: =D10/$G10 -> 0.27322404 | E27: =E10/$G10 -> 0.20765027 | F27: =F10/$G10 -> 0.20765027
B28: =B29-1 -> 2018 | C28: =C11/$G11 -> 0.12820513 | D28: =D11/$G11 -> 0.29059829 | E28: =E11/$G11 -> 0.23931624 | F28: =F11/$G11 -> 0.34188034
B29: =B30-1 -> 2019 | C29: =C12/$G12 -> 0.10714286 | D29: =D12/$G12 -> 0.14285714 | E29: =E12/$G12 -> 0.17857143 | F29: =F12/$G12 -> 0.57142857
B30: =B31-1 -> 2020 | C30: =C13/$G13 -> 0.11801242 | D30: =D13/$G13 -> 0.22981366 | E30: =E13/$G13 -> 0.27329193 | F30: =F13/$G13 -> 0.37888199
B31: =B32-1 -> 2021 | C31: =C14/$G14 -> 0.18604651 | D31: =D14/$G14 -> 0.26046512 | E31: =E14/$G14 -> 0.19069767 | F31: =F14/$G14 -> 0.3627907
B32: =B33-1 -> 2022 | C32: =C15/$G15 -> 0.21610169 | D32: =D15/$G15 -> 0.1779661 | E32: =E15/$G15 -> 0.18220339 | F32: =F15/$G15 -> 0.42372881
B33: =B34-1 -> 2023 | C33: =C16/$G16 -> 0.15129151 | D33: =D16/$G16 -> 0.17343173 | E33: =E16/$G16 -> 0.22878229 | F33: =F16/$G16 -> 0.44649446
B34: 2024 | C34: =C17/$G17 -> 0.15460526 | D34: =D17/$G17 -> 0.17105263 | E34: =E17/$G17 -> 0.28289474 | F34: =F17/$G17 -> 0.39144737
B35: Median | C35: =MEDIAN(C25:C34) -> 0.17032589 | D35: =MEDIAN(D25:D34) -> 0.21843106 | E35: =MEDIAN(E25:E34) -> 0.22755987 | F35: =MEDIAN(F25:F34) -> 0.37083634
C44: Quarter | D44: Q1 | E44: Q2 | F44: Q3 | G44: Q4
C45: 2021 | D45: =Model!C28 -> 0.501 | E45: =Model!D28 -> 0.485 | F45: =Model!E28 -> 0.428 | G45: =Model!F28 -> 0.416
C46: 2022 | D46: =Model!G28 -> 0.419 | E46: =Model!H28 -> 0.39 | F46: =Model!I28 -> 0.372 | G46: =Model!J28 -> 0.374
C47: 2023 | D47: =Model!K28 -> 0.393 | E47: =Model!L28 -> 0.38 | F47: =Model!M28 -> 0.366 | G47: =Model!N28 -> 0.361
C48: 2024 | D48: =Model!O28 -> 0.365 | E48: =Model!P28 -> 0.353 | F48: =Model!Q28 -> 0.34 | G48: =Model!R28 -> 0.344
C50: =C45 -> 2021 | D50: =D45/D64-1 -> 0.02244898 | E50: =E45/D45-1 -> -0.031936128 | F50: =F45/E45-1 -> -0.11752577 | G50: =G45/F45-1 -> -0.028037383
C51: =C46 -> 2022 | D51: =D46/G45-1 -> 0.0072115385 | E51: =E46/D46-1 -> -0.069212411 | F51: =F46/E46-1 -> -0.046153846 | G51: =G46/F46-1 -> 0.0053763441
C52: =C47 -> 2023 | D52: =D47/G46-1 -> 0.050802139 | E52: =E47/D47-1 -> -0.03307888 | F52: =F47/E47-1 -> -0.036842105 | G52: =G47/F47-1 -> -0.013661202
C53: =C48 -> 2024 | D53: =D48/G47-1 -> 0.011080332 | E53: =E48/D48-1 -> -0.032876712 | F53: =F48/E48-1 -> -0.036827195 | G53: =G48/F48-1 -> 0.011764706
C55: High | D55: =MAX(D50:D52) -> 0.050802139 | E55: =MAX(E50:E52) -> -0.031936128 | F55: =MAX(F50:F52) -> -0.036842105 | G55: =MAX(G50:G52) -> 0.0053763441
C56: Low | D56: =MIN(D50:D52) -> 0.0072115385 | E56: =MIN(E50:E52) -> -0.069212411 | F56: =MIN(F50:F52) -> -0.11752577 | G56: =MIN(G50:G52) -> -0.028037383
C57: Median | D57: =MEDIAN(D50:D52) -> 0.02244898 | E57: =MEDIAN(E50:E52) -> -0.03307888 | F57: =MEDIAN(F50:F52) -> -0.046153846 | G57: =MEDIAN(G50:G52) -> -0.013661202
C58: 2024 | D58: =D53 -> 0.011080332 | E58: =E53 -> -0.032876712 | F58: =F53 -> -0.036827195 | G58: =G53 -> 0.011764706
C59: Change | D59: =D55-D60 -> 0.043590601 | E59: =E55-E60 -> 0.037276283 | F59: =F55-F60 -> 0.080683668 | G59: =G55-G60 -> 0.033413727
C60: Base | D60: =D56 -> 0.0072115385 | E60: =E56 -> -0.069212411 | F60: =F56 -> -0.11752577 | G60: =G56 -> -0.028037383
C64: Q42020 Digital Sales $ of food and bev | D64: 0.49

Sheet DCF
B2: Assumptions
B4: Value Date | C4: 45657
B5: Stub period | C5: 1
B6: End | C6: 45657
B7: Tax Rate | C7: 0.26
B8: WACC | C8: 0.085
B9: PGR | C9: 0.03
B12: Discounted Cash Flow Analysis
C14: 2024 | D14: =C14+1 -> 2025 | E14: =D14+1 -> 2026 | F14: =E14+1 -> 2027 | G14: =F14+1 -> 2028 | H14: =G14+1 -> 2029 | I14: Terminal Year
B16: Revenue | C16: =Model!AQ38 -> 11313851 | D16: =Model!AR38 -> 12389141 | E16: =Model!AS38 -> 13589127 | F16: =Model!AT38 -> 14850630 | G16: =Model!AU38 -> 16160847 | H16: =Model!AV38 -> 17687785 | I16: =H16 -> 17687785
B17: % Growth | D17: =D16/C16-1 -> 0.095041868 | E17: =E16/D16-1 -> 0.096857961 | F17: =F16/E16-1 -> 0.092831754 | G17: =G16/F16-1 -> 0.088226343 | H17: =H16/G16-1 -> 0.094483827
B19: EBIT | C19: =Model!AQ58 -> 1916333 | D19: =Model!AR58 -> 1936810 | E19: =Model!AS58 -> 2007300.6 | F19: =Model!AT58 -> 2222797.7 | G19: =Model!AU58 -> 2503543.6 | H19: =Model!AV58 -> 2822139.4 | I19: =H19 -> 2822139.4
B20: % Margin | C20: =C19/C$16 -> 0.16937937 | D20: =D19/D$16 -> 0.15633126 | E20: =E19/E$16 -> 0.14771372 | F20: =F19/F$16 -> 0.149677 | G20: =G19/G$16 -> 0.15491413 | H20: =H19/H$16 -> 0.15955301 | I20: =I19/I$16 -> 0.15955301
B22: Plus: D&A | C22: =Model!AQ51 -> 335030 | D22: =Model!AR51 -> 366871.88 | E22: =Model!AS51 -> 402406.34 | F22: =Model!AT51 -> 439762.43 | G22: =Model!AU51 -> 478561.06 | H22: =Model!AV51 -> 523777.34 | I22: =H22 -> 523777.34
B23: Less: Cash Taxes | C23: =C19*-$C$7 -> -498246.58 | D23: =D19*-$C$7 -> -503570.6 | E23: =E19*-$C$7 -> -521898.16 | F23: =F19*-$C$7 -> -577927.4 | G23: =G19*-$C$7 -> -650921.32 | H23: =H19*-$C$7 -> -733756.24 | I23: =H23 -> -733756.24
B24: Less: CapEx | C24: =Model!AQ217 -> -593603 | D24: =Model!AR217 -> -691905.68 | E24: =Model!AS217 -> -758922.25 | F24: =Model!AT217 -> -829374.33 | G24: =Model!AU217 -> -902547 | H24: =Model!AV217 -> -987823.09 | I24: =H24 -> -987823.09
B25: Less: Change in NWC | C25: =Model!AQ213 -> 75975 | D25: =Model!AR213 -> 42881.596 | E25: =Model!AS213 -> 58015.934 | F25: =Model!AT213 -> 58319.221 | G25: =Model!AU213 -> 59343.468 | H25: =Model!AV213 -> 69651.855 | I25: =H25 -> 69651.855
B26: Unlevered Free Cash Flow | C26: =C19+SUM(C22:C25) -> 1235488.4 | D26: =D19+SUM(D22:D25) -> 1151087.2 | E26: =E19+SUM(E22:E25) -> 1186902.5 | F26: =F19+SUM(F22:F25) -> 1313577.6 | G26: =G19+SUM(G22:G25) -> 1487979.8 | H26: =H19+SUM(H22:H25) -> 1693989.2 | I26: =I19+SUM(I22:I25) -> 1693989.2
B27: Stubbed UFCF | C27: =C26 -> 1235488.4 | D27: =D26*C5 -> 1151087.2 | E27: =E26 -> 1186902.5 | F27: =F26 -> 1313577.6 | G27: =G26 -> 1487979.8 | H27: =H26 -> 1693989.2 | I27: =I26 -> 1693989.2
B29: Discount Period | D29: =C5/2 -> 0.5 | E29: =D29+1 -> 1.5 | F29: =E29+1 -> 2.5 | G29: =F29+1 -> 3.5 | H29: =G29+1 -> 4.5 | I29: =H29 -> 4.5
B30: Discount Factor | D30: =1/(1+$D$35)^D29 -> 0.96003072 | E30: =1/(1+$D$35)^E29 -> 0.88482094 | F30: =1/(1+$D$35)^F29 -> 0.81550317 | G30: =1/(1+$D$35)^G29 -> 0.75161583 | H30: =1/(1+$D$35)^H29 -> 0.69273348 | I30: =1/(1+$D$35)^I29 -> 0.69273348
B31: PV of Free Cash Flows | D31: =D30*D27 -> 1105079.1 | E31: =E30*E27 -> 1050196.2 | F31: =F30*F27 -> 1071226.7 | G31: =G30*G27 -> 1118389.1 | H31: =H30*H27 -> 1173483.1 | I31: =I30*I27 -> 1173483.1
B34: Perpetuity Growth Methodology
B35: Discount Rate | D35: =C8 -> 0.085
B36: Perpetuity Growth Rate | D36: =C9 -> 0.03
B38: Discount Factor for TV | D38: =I30 -> 0.69273348
B39: Free Cash Flow in Terminal Year | D39: =I26 -> 1693989.2
B40: Terminal Value | D40: =(D39*(1+D36)/(D35-D36)) -> 31723799
B42: Present Value of Projection Period | D42: =SUM(D31:H31) -> 5518374.2
B43: Present Value of Terminal Value | D43: =D40*D38 -> 21976137
B44: Implied Enterprise Value | D44: =SUM(D42:D43) -> 27494512
B46: Less: Net Debt | D46: =SUM(TSM!L17:L21) -> 3514.245
B47: Implied Equity Value | D47: =D44-D46 -> 27490997
B49: FDSO | D49: =TSM!G20*1000 -> 1367001
B50: Implied DCF Value Per Share | D50: =D47/D49 -> 20.110445
B52: Current Price | D52: =TSM!C6 -> 54.33
B53: Implied Premium / (Discount) to Current | D53: =D50/D52-1 -> -0.6298464
B55: Implied Terminal EBITDA Multiple Calculation
B56: Adjusted Terminal Valuation | D56: =+D40*(1+D35)^(0.5) -> 33044566
B57: Terminal Year EBITDA | D57: =I19+I22 -> 3345916.7
B58: Implied Terminal EBITDA Multiple | D58: =D56/D57 -> 9.8760874
B61: Sensitivity Analysis
B64: Valuation Sensitivities - PGR & WACC
B66: Implied Price per Share
D67: Perpetuity Growth Rate
C68: =D50 -> 20.110445 | D68: =E68-0.25% -> 0.025 | E68: =F68-0.25% -> 0.0275 | F68: 0.03 | G68: =F68+0.25% -> 0.0325 | H68: =G68+0.25% -> 0.035
C69: =C70-0.25% -> 0.08 | D69: 20.416085 | E69: 21.235638 | F69: 22.137145 | G69: 23.133548 | H69: 24.240663
B70: Discount | C70: =C71-0.25% -> 0.0825 | D70: 19.52023 | E70: 20.262486 | F70: 21.075433 | G70: 21.969674 | H70: 22.958046
B71: Rate | C71: 0.085 | D71: 18.699228 | E71: 19.374158 | F71: 20.110445 | G71: 20.916855 | H71: 21.803905
C72: =C71+0.25% -> 0.0875 | D72: 17.944095 | E72: 18.560049 | F72: 19.229564 | G72: 19.959944 | H72: 20.759884
C73: =C72+0.25% -> 0.09 | D73: 17.247228 | E73: 17.81125 | F73: 18.422273 | G73: 19.086429 | H73: 19.810962
B76: Implied Premium / (Discount) to Current Share Price
D77: Perpetuity Growth Rate
D78: =E78-0.25% -> 0.025 | E78: =F78-0.25% -> 0.0275 | F78: 0.03 | G78: =F78+0.25% -> 0.0325 | H78: =G78+0.25% -> 0.035
C79: =C80-0.25% -> 0.08 | D79: =D69/$D$52-1 -> -0.62422078 | E79: =E69/$D$52-1 -> -0.60913607 | F79: =F69/$D$52-1 -> -0.59254288 | G79: =G69/$D$52-1 -> -0.57420305 | H79: =H69/$D$52-1 -> -0.55382546
B80: Discount | C80: =C81-0.25% -> 0.0825 | D80: =D70/$D$52-1 -> -0.64070993 | E80: =E70/$D$52-1 -> -0.62704794 | F80: =F70/$D$52-1 -> -0.61208481 | G80: =G70/$D$52-1 -> -0.59562536 | H80: =H70/$D$52-1 -> -0.57743334
B81: Rate | C81: 0.085 | D81: =D71/$D$52-1 -> -0.65582132 | E81: =E71/$D$52-1 -> -0.64339853 | F81: =F71/$D$52-1 -> -0.6298464 | G81: =G71/$D$52-1 -> -0.6150036 | H81: =H71/$D$52-1 -> -0.59867651
C82: =C81+0.25% -> 0.0875 | D82: =D72/$D$52-1 -> -0.66972033 | E82: =E72/$D$52-1 -> -0.65838306 | F82: =F72/$D$52-1 -> -0.64605994 | G82: =G72/$D$52-1 -> -0.63261654 | H82: =H72/$D$52-1 -> -0.61789281
C83: =C82+0.25% -> 0.09 | D83: =D73/$D$52-1 -> -0.68254688 | E83: =E73/$D$52-1 -> -0.67216548 | F83: =F73/$D$52-1 -> -0.66091896 | G83: =G73/$D$52-1 -> -0.64869448 | H83: =H73/$D$52-1 -> -0.63535869

Sheet WACC
B2: WACC Calculation
B4: WACC Calculation
G5: Prospective Cost of Equity and WACC
G6: Low | H6: High
B7: Prospective US Equity Risk Premium | G7: 0.04 | H7: 0.05
B9: Multiply by: Prospective Levered Equity Beta | G9: ='Beta Determination'!K26 -> 1.1 | H9: =G9 -> 1.1
B10: Corresponding Prospective Unlevered Equity Beta | G10: ='Beta Determination'!K24 -> 0.91668604 | H10: =G10 -> 0.91668604
B11: Adjusted Prospective US Equity Risk Premium | G11: =G7*G9 -> 0.044 | H11: =H7*H9 -> 0.055
B12: Add: Risk-Free Rate of Return (Rf) | G12: 0.0459 | H12: =G12 -> 0.0459
B13: Illustrative Prospective Cost of Equity | G13: =SUM(G11:G12) -> 0.0899 | H13: =SUM(H11:H12) -> 0.1009
B14: Multiply by: Prospective E/(D+E) | G14: =1-G29 -> 0.78949476 | H14: =1-H29 -> 0.78949476
B15: Cost of Equity Portion | G15: =G13*G14 -> 0.070975579 | H15: =H13*H14 -> 0.079660021
B17: Assumed Cost of Debt (Kd) | G17: =4.34%+1.475% -> 0.05815 | H17: =G17 -> 0.05815
B18: Assumed Tax Rate | G18: 0.25 | H18: =G18 -> 0.25
B19: After-Tax Cost of Debt | G19: =G17*(1-G18) -> 0.0436125 | H19: =H17*(1-H18) -> 0.0436125
B20: Multiply by: Prospective D/(D+E) | G20: =1-G14 -> 0.21050524 | H20: =1-H14 -> 0.21050524
B21: Cost of Debt Portion | G21: =G19*G20 -> 0.0091806599 | H21: =H19*H20 -> 0.0091806599
B23: Prospective WACC Range | G23: =G21+G15 -> 0.080156239 | H23: =H21+H15 -> 0.088840681
B25: Midpoint WACC | G25: =AVERAGE(G23:H23) -> 0.08449846
B27: Memo:
B28: D/E | G28: =H28 -> 0.26663286 | H28: ='Beta Determination'!K25 -> 0.26663286
B29: D/(D+E) | G29: =G28/(1+G28) -> 0.21050524 | H29: =H28/(1+H28) -> 0.21050524

Sheet Beta Determination
A3: Chipotle Marginal Tax Rate | D3: 0.25
G7: Market Value of Common Equity | H7: Total Debt + Pref Stock | I7: Leverage Ratios
C8: Company | F8: 5 Years | I8: D / E | J8: D / (D + E) | K8: 5 Years | M8: Marginal Tax Rate
C10: Chipotle | F10: 1.27 | G10: =ROIC!F4 -> 74269.162 | H10: =TSM!L17 -> 4262.782 | I10: =H10/G10 -> 0.057396393 | J10: =H10/(H10+G10) -> 0.054280867 | K10: =F10/(1+($I10*(1-($M10)))) -> 1.2175862 | M10: 0.25
C12: Peers
C13: Yum! Brands | F13: 1.1 | G13: =ROIC!F6 -> 42504.139 | H13: =11306+27 -> 11333 | I13: =H13/G13 -> 0.26663286 | J13: =H13/(H13+G13) -> 0.21050524 | K13: =F13/(1+($I13*(1-($M13)))) -> 0.91668604 | M13: 0.25
C14: Starbucks | F14: 0.99 | G14: =ROIC!F7 -> 128272.8 | H14: =14312.2+8856.8+1453.3+1249.2 -> 25871.5 | I14: =H14/G14 -> 0.20169124 | J14: =H14/(H14+G14) -> 0.16783949 | K14: =F14/(1+($I14*(1-($M14)))) -> 0.85992109 | M14: =M13 -> 0.25
C15: McDonalds | F15: 0.74 | G15: =ROIC!F8 -> 218762.59 | H15: =38424+12888 -> 51312 | I15: =H15/G15 -> 0.23455565 | J15: =H15/(H15+G15) -> 0.18999196 | K15: =F15/(1+($I15*(1-($M15)))) -> 0.62929626 | M15: =M14 -> 0.25
C16: Darden Restaurants | F16: 1.31 | G16: =ROIC!F9 -> 22811.448 | H16: =2121.7+3939.1+275.2 -> 6336 | I16: =H16/G16 -> 0.27775527 | J16: =H16/(H16+G16) -> 0.21737752 | K16: =F16/(1+($I16*(1-($M16)))) -> 1.0841531 | M16: =M15 -> 0.25
C17: Dominos | F17: 0.91 | G17: =ROIC!F10 -> 16549.064 | H17: =1149.679+39.92+3825.659+181.983 -> 5197.241 | I17: =H17/G17 -> 0.31405045 | J17: =H17/(H17+G17) -> 0.23899421 | K17: =F17/(1+($I17*(1-($M17)))) -> 0.73652135 | M17: =M16 -> 0.25
C18: Cheesecake Factory | F18: 1.52 | G18: =ROIC!F11 -> 2780.814 | H18: =1299.02+157.138 -> 1456.158 | I18: =H18/G18 -> 0.52364452 | J18: =H18/(H18+G18) -> 0.34367893 | K18: =F18/(1+($I18*(1-($M18)))) -> 1.091379 | M18: =M17 -> 0.25
C20: Mean | F20: =AVERAGE(F10,F13,F14,F15,F16,F17,F18) -> 1.12 | G20: =AVERAGE(G10,G13,G14,G15,G16,G17,G18) -> 72278.573 | H20: =AVERAGE(H10,H13,H14,H15,H16,H17,H18) -> 15109.812 | I20: =AVERAGE(I10,I13,I14,I15,I16,I17,I18) -> 0.26796091 | J20: =AVERAGE(J10,J13,J14,J15,J16,J17,J18) -> 0.20323832 | K20: =AVERAGE(K10,K13,K14,K15,K16,K17,K18) -> 0.93364901
C21: Median | F21: =MEDIAN(F10,F13,F14,F15,F16,F17,F18) -> 1.1 | G21: =MEDIAN(G10,G13,G14,G15,G16,G17,G18) -> 42504.139 | H21: =MEDIAN(H10,H13,H14,H15,H16,H17,H18) -> 6336 | I21: =MEDIAN(I10,I13,I14,I15,I16,I17,I18) -> 0.26663286 | J21: =MEDIAN(J10,J13,J14,J15,J16,J17,J18) -> 0.21050524 | K21: =MEDIAN(K10,K13,K14,K15,K16,K17,K18) -> 0.91668604
C24: Reference Range - Prospective Unlevered Equity Beta | K24: =MAX(K21:K21) -> 0.91668604
C25: Target Debt / Equity Ratio | K25: =I21 -> 0.26663286
C26: Refernce Range - Prospective Levered Equity Beta | K26: =K24*(1+(K25*(1-$D$3))) -> 1.1

Sheet ROIC
A1: As of | B1: 45646 | K1: 2024 | L1: =K1+1 -> 2025 | M1: =L1+1 -> 2026
B2: Ticker | C2: Company Name | D2: Current Share Price | E2: FDSO | F2: Market Cap | G2: Net Debt | H2: TEV | I2: BVE | J2: Goodwill | K2: EBIT | L2: EBIT | M2: EBIT | N2: Marginal Tax Rate | O2: ROIC | P2: IC | Q2: WACC | R2: EV / IC | S2: Excess Returns
K3: 2024 | L3: =K3+1 -> 2025 | M3: =L3+1 -> 2026
B4: CMG | C4: Chipotle | D4: =TSM!C6 -> 54.33 | E4: =TSM!L15 -> 1367.001 | F4: =D4*E4 -> 74269.162 | G4: =SUM(TSM!L17:L21) -> 3514.245 | H4: =SUM(F4:G4) -> 77783.407 | I4: =3655.546+4262.782+277.836-748.537 -> 7447.627 | J4: 21.939 | K4: 1930 | L4: 2255 | M4: 2682 | N4: 0.25 | O4: =(L4*(1-N4))/(G4+I4-J4) -> 0.15459418 | P4: =I4+G4-J4 -> 10939.933 | Q4: 0.09 | R4: =H4/P4 -> 7.1100442 | S4: =O4-Q4 -> 0.064594183
B6: YUM | C6: Yum! Brands | D6: 152.29 | E6: 279.1 | F6: =D6*E6 -> 42504.139 | G6: =11306+27-616 -> 10717 | H6: =SUM(F6:G6) -> 53221.139 | I6: -7648 | J6: 736 | K6: 2572 | L6: 2670 | M6: 2883 | N6: 0.25 | O6: =(L6*(1-N6))/(G6+I6-J6) -> 0.85833691 | P6: =I6+G6-J6 -> 2333 | Q6: =$Q$4 -> 0.09 | R6: =H6/P6 -> 22.812318 | S6: =O6-Q6 -> 0.76833691
B7: SBUX | C7: Starbucks | D7: 112.52 | E7: 1140 | F7: =D7*E7 -> 128272.8 | G7: =14312.2+8856.8+1453.3+1249.2-3671.4-449.3 -> 21750.8 | H7: =SUM(F7:G7) -> 150023.6 | I7: =-7464.6 -> -7464.6 | J7: 3287.9 | K7: 5409 | L7: 4838 | M7: 4914 | N7: 0.25 | O7: =(L7*(1-N7))/(G7+I7-J7) -> 0.32991462 | P7: =I7+G7-J7 -> 10998.3 | Q7: =$Q$4 -> 0.09 | R7: =H7/P7 -> 13.640617 | S7: =O7-Q7 -> 0.23991462
B8: MCD | C8: McDonalds | D8: 305.27 | E8: 716.62 | F8: =D8*E8 -> 218762.59 | G8: =38424+12888-1085 -> 50227 | H8: =SUM(F8:G8) -> 268989.59 | I8: -3797 | J8: 3145 | K8: 12003 | L8: 12512 | M8: 13340 | N8: 0.25 | O8: =(L8*(1-N8))/(G8+I8-J8) -> 0.21679566 | P8: =I8+G8-J8 -> 43285 | Q8: =$Q$4 -> 0.09 | R8: =H8/P8 -> 6.2143834 | S8: =O8-Q8 -> 0.12679566
B9: DRI | C9: Darden Restaurants | D9: 194.72 | E9: 117.15 | F9: =D9*E9 -> 22811.448 | G9: =2121.7+3939.1+275.2-217.3 -> 6118.7 | H9: =SUM(F9:G9) -> 28930.148 | I9: 2070.9 | J9: 1653.9 | K9: 1366 | L9: 1447 | M9: 1604 | N9: 0.25 | O9: =(L9*(1-N9))/(G9+I9-J9) -> 0.16604954 | P9: =I9+G9-J9 -> 6535.7 | Q9: =$Q$4 -> 0.09 | R9: =H9/P9 -> 4.4264804 | S9: =O9-Q9 -> 0.076049543
B10: DPZ | C10: Dominos | D10: 482.48 | E10: 34.3 | F10: =D10*E10 -> 16549.064 | G10: =1149.679+39.92+3825.659+181.983-186.126 -> 5011.115 | H10: =SUM(F10:G10) -> 21560.179 | I10: -3962.291 | J10: 11.578 | K10: 879 | L10: 938 | M10: 1008 | N10: 0.25 | O10: =(L10*(1-N10))/(G10+I10-J10) -> 0.67823833 | P10: =I10+G10-J10 -> 1037.246 | Q10: =$Q$4 -> 0.09 | R10: =H10/P10 -> 20.785984 | S10: =O10-Q10 -> 0.58823833
B11: CAKE | C11: Cheesecake Factory | D11: 53.85 | E11: 51.64 | F11: =D11*E11 -> 2780.814 | G11: =1299.02-84.176+157.138 -> 1371.982 | H11: =SUM(F11:G11) -> 4152.796 | I11: 443.455 | J11: 0 | K11: 194 | L11: 210 | M11: 232 | N11: 0.25 | O11: =(L11*(1-N11))/(G11+I11-J11) -> 0.086755971 | P11: =I11+G11-J11 -> 1815.437 | Q11: =$Q$4 -> 0.09 | R11: =H11/P11 -> 2.2874911 | S11: =O11-Q11 -> -0.0032440288
B13: Bottom Quartile | S13: =_xlfn.QUARTILE.EXC(S4:S11,1) -> 0.064594183
B14: Top Quartile | S14: =_xlfn.QUARTILE.EXC(S4:S11,3) -> 0.58823833 | U14: Equation | V14: 6.5%=0.0352x - 0.1279
U15: Implied EV / IC Multiple | V15: =S4+0.1229/0.0352 -> 3.5560715
U16: CMG Invested Capital | V16: =P4 -> 10939.933
U17: CMG Implied Valuation | V17: =V16*V15 -> 38903.183
U18: Implied TEV / '25 EBIT | V18: =V17/L4 -> 17.251966
U20: Less: Net Debt | V20: =-G4 -> -3514.245
U21: Implied Equity | V21: =V17+V20 -> 35388.938
U22: FDSO | V22: =E4 -> 1367.001
U23: Implied Share Price | V23: =V21/V22 -> 25.888013
U24: Premium to Current | V24: =V23/D4-1 -> -0.52350427

Sheet TSM
B3: TSM Build
B5: Ticker | C5: CMG
B6: Price | C6: 54.33
B7: As Of | C7: 45713
B8: Basic Shares | C8: 1355.337
D11: Options | E11: WAEP | F11: In / Out | G11: Proceeds | I11: Market Capitalization
B12: SOSARs | D12: 9.997 | E12: 32.07 | F12: =IF(E12>$C$6,0,1) -> 1 | G12: =F12*E12*D12 -> 320.60379 | I12: ="Current Price (as of "&TEXT(C7,"m/d/yy")&")" -> Current Price (as of 2/25/25) | L12: =C6 -> 54.33
B13: RSUs | D13: 3.919 | F13: =IF(E13>$C$6,0,1) -> 1 | G13: =F13*E13*D13 -> 0 | I13: Target Price Premium / (Discount) | L13: 0
B14: PSUs | D14: 3.649 | F14: =IF(E14>$C$6,0,1) -> 1 | G14: =F14*E14*D14 -> 0 | I14: Target Price | L14: =L12*(1+L13) -> 54.33
B15: Total | D15: =SUM(D12:D14) -> 17.565 | G15: =SUM(G12:G14) -> 320.60379 | I15: Fully-Diluted Shares | L15: =G20 -> 1367.001
B16: Total ITM | D16: =SUMPRODUCT(D12:D14,F12:F14) -> 17.565 | I16: Implied Equity Value | L16: =L14*L15 -> 74269.162
I17: Plus: Debt | L17: 4262.782
B18: Shares Repurchased | G18: =G15/C6 -> 5.9010453 | I18: Plus: NCI
B19: Shares Issues (Dilution) | G19: =D16-G18 -> 11.663955 | I19: Plus: Preferred
B20: Fully Diluted Shares Outstanding | G20: =C8+G19 -> 1367.001 | I20: Less: Investments in Unconsolidated Subs
I21: Less: Cash & Cash Equivalents | L21: -748.537
I22: Implied Total Enterprise Value | L22: =SUM(L16:L21) -> 77783.407
